Workbook
Name Fonte: #REF!
Name nao: #REF!

Sheet ORÇAMENTO
A2: PLANILHA ORÇAMENTÁRIA
A3: OBRA: PROJETO VILLA DO BOI | H3: DATA: | I3: 46134
A4: LOCAL: RUA GUARDA MOR LUSTOSA, S/Nº - CENTRO, OURO FINO - MG | F4: FORMA DE EXECUÇÃO:
A5: REGIÃO/MÊS DE REF.: SICOR SUL - OUT/2025 SEM DESONERAÇÃO / SINAPI JAN/2026 NÃO DESONERADO | F5: ( ) | G5: DIRETA | H5: ( x ) | I5: INDIRETA
A6: PRAZO DE EXECUÇÃO: 6 MESES | H6: BDI | I6: 0.2341
A7: VALOR ESTIMADO DA OBRA: | D7: =I253 -> 1004805.6 | H7: BDI DS | I7: 0.2882
A9: ITEM | B9: FONTE | C9: CÓDIGO | D9: DESCRIÇÃO | E9: UND. | F9: QUANT. | G9: PREÇO UNITÁRIO S/ BDI | H9: PREÇO UNITÁRIO C/ BDI | I9: PREÇO TOTAL
A10: 1. | B10: SERVIÇOS PRELIMINARES
A11: 1.1 | B11: SINAPI | C11: 103689 | D11: FORNECIMENTO E INSTALAÇÃO DE PLACA DE OBRA COM CHAPA GALVANIZADA E ESTRUTURA DE MADEIRA. AF_03/2022_PS | E11: M2 | F11: ='MEMORIA DE CÁLCULO'!M16 -> 4.5 | G11: 474.44 | H11: =G11*(1+$I$6) -> 585.5064 | I11: =H11*F11 -> 2634.7788
A12: 1.2 | B12: SINAPI | C12: 98459 | D12: TAPUME COM TELHA METÁLICA. AF_03/2024 | E12: M2 | F12: ='MEMORIA DE CÁLCULO'!M23 -> 208.66302 | G12: 96.32 | H12: =G12*(1+$I$6) -> 118.86851 | I12: =H12*F12 -> 24803.463
A13: 1.3 | B13: SICOR | C13: ED-50162 | D13: PORTÃO PARA TAPUME FIXO DE PROTEÇÃO COM FECHAMENTO DE OBRA EM CHAPA DE COMPENSADO, ESP. 12MM, COM MÓDULO NA DIMENSÃO DE (110X220)CM, INCLUSIVE FERRAGENS E PINTURA LÁTEX (PVA) COM DUAS (2) DEMÃOS | E13: M2 | F13: ='MEMORIA DE CÁLCULO'!M30 -> 4.5 | G13: 169.97 | H13: =G13*(1+$I$6) -> 209.75998 | I13: =H13*F13 -> 943.9199
A14: 1.4 | B14: SINAPI | C14: 101512 | D14: ENTRADA DE ENERGIA ELÉTRICA, AÉREA, TRIFÁSICA, COM CAIXA DE EMBUTIR, CABO DE 35 MM2 E DISJUNTOR DIN 50A (NÃO INCLUSO O POSTE DE CONCRETO). AF_12/2025 | E14: UN | F14: ='MEMORIA DE CÁLCULO'!M37 -> 1 | G14: 2742.89 | H14: =G14*(1+$I$6) -> 3385.0005 | I14: =H14*F14 -> 3385.0005
A15: 1.5 | B15: SICOR | C15: ED-16350 | D15: LOCAÇÃO DE CONTAINER COM ISOLAMENTO TÉRMICO, TIPO 3, PARA DEPÓSITO/FERRAMENTARIA DE OBRA, COM MEDIDAS REFERENCIAIS DE (6) METROS COMPRIMENTO, (2,3) METROS LARGURA E (2,5) METROS ALTURA ÚTIL INTERNA, INCLUSIVE LIGAÇÕES ELÉTRICAS INTERNAS, EXCLUSIVE MOBILIZAÇÃO/DESMOBILIZAÇÃO E LIGAÇÕES PROVISÓRIAS EXTERNAS | E15: MÊS | F15: ='MEMORIA DE CÁLCULO'!M44 -> 6 | G15: 858.71 | H15: =G15*(1+$I$6) -> 1059.734 | I15: =H15*F15 -> 6358.4041
A16: 1.6 | B16: SICOR | C16: ED-16358 | D16: LIGAÇÕES PROVISÓRIAS PARA CONTAINER TIPO 3 (CORRESPONDENTE AO CÓDIGO ED-16350) | E16: UN | F16: ='MEMORIA DE CÁLCULO'!M51 -> 1 | G16: 343.03 | H16: =G16*(1+$I$6) -> 423.33332 | I16: =H16*F16 -> 423.33332
A17: 1.7 | B17: SICOR | C17: ED-17989 | D17: LOCAÇÃO DE OBRA COM GABARITO DE TÁBUAS CORRIDAS PONTALETADAS A CADA 2,00M, REAPROVEITAMENTO (2X), INCLUSIVE ACOMPANHAMENTO DE EQUIPE TOPOGRÁFICA PARA MARCAÇÃO DE PONTO TOPOGRÁFICO | E17: M | F17: ='MEMORIA DE CÁLCULO'!M58 -> 191.1372 | G17: 62.77 | H17: =G17*(1+$I$6) -> 77.464457 | I17: =H17*F17 -> 14806.339
A18: 1.8 | B18: SINAPI | C18: 90777 | D18: ENGENHEIRO CIVIL DE OBRA JUNIOR COM ENCARGOS COMPLEMENTARES | E18: H | F18: ='MEMORIA DE CÁLCULO'!M65 -> 96 | G18: 143.6 | H18: =G18*(1+$I$6) -> 177.21676 | I18: =H18*F18 -> 17012.809
A19: 1.9 | B19: SINAPI | C19: 90780 | D19: MESTRE DE OBRAS COM ENCARGOS COMPLEMENTARES | E19: H | F19: ='MEMORIA DE CÁLCULO'!M72 -> 96 | G19: 85.1 | H19: =G19*(1+$I$6) -> 105.02191 | I19: =H19*F19 -> 10082.103
A20: TOTAL ITEM | E20: =A10 -> 1. | F20: = | G20: =ROUND(SUM(I11:I19),2) -> 80450.15
A21: 2. | B21: MOVIMENTAÇÃO DE TERRA
A22: 2.1 | B22: SINAPI | C22: 93358 | D22: ESCAVAÇÃO MANUAL DE VALA. AF_09/2024 | E22: M3 | F22: ='MEMORIA DE CÁLCULO'!M106 -> 28.295797 | G22: 123.22 | H22: =G22*(1+$I$6) -> 152.0658 | I22: =H22*F22 -> 4302.8231
A23: 2.2 | B23: SINAPI | C23: 104737 | D23: REATERRO MANUAL DE VALAS, COM PLACA VIBRATÓRIA. AF_08/2023 | E23: M3 | F23: ='MEMORIA DE CÁLCULO'!M113 -> 8.3120475 | G23: 30.26 | H23: =G23*(1+$I$6) -> 37.343866 | I23: =H23*F23 -> 310.40399
A24: 2.3 | B24: SICOR | C24: ED-29231 | D24: TRANSPORTE DE MATERIAL DE QUALQUER NATUREZA EM CAMINHÃO, DISTÂNCIA MAIOR QUE 2KM E MENOR OU IGUAL A 5KM, DENTRO DO PERÍMETRO URBANO, EXCLUSIVE CARGA, INCLUSIVE DESCARGA | E24: M3xKM | F24: ='MEMORIA DE CÁLCULO'!M135 -> 1444.3349 | G24: 2.6 | H24: =G24*(1+$I$6) -> 3.20866 | I24: =H24*F24 -> 4634.3796
A25: 2.4 | B25: SICOR | C25: ED-51132 | D25: CARGA MECÂNICA DE MATERIAL DE QUALQUER NATUREZA SOBRE CAMINHÃO, EXCLUSIVE TRANSPORTE | E25: M3 | F25: ='MEMORIA DE CÁLCULO'!M157 -> 288.86698 | G25: 3.35 | H25: =G25*(1+$I$6) -> 4.134235 | I25: =H25*F25 -> 1194.244
A26: TOTAL ITEM | E26: =A21 -> 2. | F26: = | G26: =ROUND(SUM(I22:I25),2) -> 10441.85
A27: 3. | B27: INFRAESTRUTURA
A28: 3.1 | C28: ESTACA TRADO ROTATIVO
A29: 3.1.1 | B29: SICOR | C29: ED-29817 | D29: MOBILIZAÇÃO E DESMOBILIZAÇÃO DE EQUIPAMENTO PARA ESTACA TIPO TRADO ROTATIVO (CUSTO FIXO), INCLUSIVE CARGA E DESCARGA, EXCLUSIVE TRANSPORTE EM QUILÔMETRO RODADO (CUSTO VARIÁVEL) | E29: UN | F29: ='MEMORIA DE CÁLCULO'!M168 -> 1 | G29: 3531.16 | H29: =G29*(1+$I$6) -> 4357.8046 | I29: =H29*F29 -> 4357.8046
A30: 3.1.2 | B30: SICOR | C30: ED-29818 | D30: MOBILIZAÇÃO E DESMOBILIZAÇÃO DE EQUIPAMENTO PARA ESTACA TIPO TRADO ROTATIVO (CUSTO VARIÁVEL), EXCLUSIVE CUSTO FIXO DE TRANSPORTE | E30: KM | F30: ='MEMORIA DE CÁLCULO'!M175 -> 10 | G30: 20.02 | H30: =G30*(1+$I$6) -> 24.706682 | I30: =H30*F30 -> 247.06682
A31: 3.1.3 | B31: SICOR | C31: ED-29802 | D31: PERFURAÇÃO MECÂNICA DE ESTACA TIPO TRADO ROTATIVO, INCLUSIVE AFASTAMENTO LATERAL, EXCLUSIVE ARMAÇÃO, CONCRETO ESTRUTURAL, TRANSPORTE E RETIRADA DO MATERIAL ESCAVADO | E31: M3 | F31: ='MEMORIA DE CÁLCULO'!M182 -> 2.94375 | G31: 84.02 | H31: =G31*(1+$I$6) -> 103.68908 | I31: =H31*F31 -> 305.23474
A32: 3.1.4 | B32: SINAPI | C32: 101174 | D32: ESTACA BROCA DE CONCRETO, DIÂMETRO DE 25CM, ESCAVAÇÃO MANUAL COM TRADO CONCHA, COM ARMADURA DE ARRANQUE. AF_05/2020 | E32: M | F32: ='MEMORIA DE CÁLCULO'!M198 -> 103 | G32: 96.73 | H32: =G32*(1+$I$6) -> 119.37449 | I32: =H32*F32 -> 12295.573
A33: 3.1.5 | B33: SINAPI | C33: 94966 | D33: CONCRETO FCK = 30MPA, TRAÇO 1:2,1:2,5 (EM MASSA SECA DE CIMENTO/ AREIA MÉDIA/ BRITA 1) - PREPARO MECÂNICO COM BETONEIRA 400 L. AF_05/2021 | E33: M3 | F33: ='MEMORIA DE CÁLCULO'!M205 -> 2.94375 | G33: 489.21 | H33: =G33*(1+$I$6) -> 603.73406 | I33: =H33*F33 -> 1777.2421
A34: TOTAL ITEM | E34: =A28 -> 3.1 | F34: = | G34: =ROUND(SUM(I29:I33),2) -> 18982.92
A35: 3.2 | C35: BLOCO DE COROAMENTO
A36: 3.2.1 | B36: SINAPI | C36: 96557 | D36: CONCRETAGEM DE BLOCO DE COROAMENTO OU VIGA BALDRAME, FCK 30 MPA, COM USO DE BOMBA - LANÇAMENTO, ADENSAMENTO E ACABAMENTO. AF_01/2024 | E36: M3 | F36: ='MEMORIA DE CÁLCULO'!M214 -> 3.88 | G36: 636.55 | H36: =G36*(1+$I$6) -> 785.56635 | I36: =H36*F36 -> 3047.9975
A37: 3.2.2 | B37: SINAPI | C37: 96534 | D37: FABRICAÇÃO, MONTAGEM E DESMONTAGEM DE FÔRMA PARA BLOCO DE COROAMENTO, EM MADEIRA SERRADA, E=25 MM, 4 UTILIZAÇÕES. AF_01/2024 | E37: M2 | F37: ='MEMORIA DE CÁLCULO'!M221 -> 21.79 | G37: 92.86 | H37: =G37*(1+$I$6) -> 114.59853 | I37: =H37*F37 -> 2497.1019
A38: 3.2.3 | B38: SINAPI | C38: 104917 | D38: ARMAÇÃO DE SAPATA ISOLADA, VIGA BALDRAME E SAPATA CORRIDA UTILIZANDO AÇO CA-50 DE 6,3 MM - MONTAGEM. AF_01/2024 | E38: KG | F38: ='MEMORIA DE CÁLCULO'!M228 -> 4.2 | G38: 15.3 | H38: =G38*(1+$I$6) -> 18.88173 | I38: =H38*F38 -> 79.303266
A39: 3.2.4 | B39: SINAPI | C39: 104918 | D39: ARMAÇÃO DE SAPATA ISOLADA, VIGA BALDRAME E SAPATA CORRIDA UTILIZANDO AÇO CA-50 DE 8 MM - MONTAGEM. AF_01/2024 | E39: KG | F39: ='MEMORIA DE CÁLCULO'!M235 -> 48.7 | G39: 13.56 | H39: =G39*(1+$I$6) -> 16.734396 | I39: =H39*F39 -> 814.96509
A40: 3.2.5 | B40: SINAPI | C40: 104916 | D40: ARMAÇÃO DE SAPATA ISOLADA, VIGA BALDRAME E SAPATA CORRIDA UTILIZANDO AÇO CA-60 DE 5 MM - MONTAGEM. AF_01/2024 | E40: KG | F40: ='MEMORIA DE CÁLCULO'!M242 -> 55.7 | G40: 17.45 | H40: =G40*(1+$I$6) -> 21.535045 | I40: =H40*F40 -> 1199.502
A41: 3.2.6 | B41: SINAPI | C41: 96621 | D41: LASTRO COM MATERIAL GRANULAR, APLICAÇÃO EM BLOCOS DE COROAMENTO, ESPESSURA DE *5 CM*. AF_01/2024 | E41: M3 | F41: ='MEMORIA DE CÁLCULO'!M249 -> 0.68 | G41: 221.02 | H41: =G41*(1+$I$6) -> 272.76078 | I41: =H41*F41 -> 185.47733
A42: TOTAL ITEM | E42: =A35 -> 3.2 | F42: = | G42: =ROUND(SUM(I36:I41),2) -> 7824.35
A43: 3.3 | C43: VIGA BALDRAME
A44: 3.3.1 | B44: SINAPI | C44: 96557 | D44: CONCRETAGEM DE BLOCO DE COROAMENTO OU VIGA BALDRAME, FCK 30 MPA, COM USO DE BOMBA - LANÇAMENTO, ADENSAMENTO E ACABAMENTO. AF_01/2024 | E44: M3 | F44: ='MEMORIA DE CÁLCULO'!M267 -> 13.16 | G44: 636.55 | H44: =G44*(1+$I$6) -> 785.56635 | I44: =H44*F44 -> 10338.053
A45: 3.3.2 | B45: SINAPI | C45: 96542 | D45: FABRICAÇÃO, MONTAGEM E DESMONTAGEM DE FÔRMA PARA VIGA BALDRAME, EM CHAPA DE MADEIRA COMPENSADA RESINADA, E=17 MM, 4 UTILIZAÇÕES. AF_01/2024 | E45: M2 | F45: ='MEMORIA DE CÁLCULO'!M283 -> 182.33 | G45: 112.86 | H45: =G45*(1+$I$6) -> 139.28053 | I45: =H45*F45 -> 25395.018
A46: 3.3.3 | B46: SINAPI | C46: 104918 | D46: ARMAÇÃO DE SAPATA ISOLADA, VIGA BALDRAME E SAPATA CORRIDA UTILIZANDO AÇO CA-50 DE 8 MM - MONTAGEM. AF_01/2024 | E46: KG | F46: ='MEMORIA DE CÁLCULO'!M299 -> 412.3 | G46: 13.56 | H46: =G46*(1+$I$6) -> 16.734396 | I46: =H46*F46 -> 6899.5915
A47: 3.3.4 | B47: SINAPI | C47: 104916 | D47: ARMAÇÃO DE SAPATA ISOLADA, VIGA BALDRAME E SAPATA CORRIDA UTILIZANDO AÇO CA-60 DE 5 MM - MONTAGEM. AF_01/2024 | E47: KG | F47: ='MEMORIA DE CÁLCULO'!M315 -> 201.12 | G47: 17.45 | H47: =G47*(1+$I$6) -> 21.535045 | I47: =H47*F47 -> 4331.1283
A48: 3.3.5 | B48: SICOR | C48: ED-51094 | D48: APILOAMENTO DO FUNDO DE VALAS COM PLACA | E48: M2 | F48: ='MEMORIA DE CÁLCULO'!M331 -> 52.5377 | G48: 14.65 | H48: =G48*(1+$I$6) -> 18.079565 | I48: =H48*F48 -> 949.85876
A49: 3.3.6 | B49: SINAPI | C49: 96622 | D49: LASTRO COM MATERIAL GRANULAR, APLICADO EM PISOS OU LAJES SOBRE SOLO, ESPESSURA DE *5 CM*. AF_01/2024 | E49: M3 | F49: ='MEMORIA DE CÁLCULO'!M347 -> 2.626885 | G49: 201.72 | H49: =G49*(1+$I$6) -> 248.94265 | I49: =H49*F49 -> 653.94372
A50: TOTAL ITEM | E50: =A43 -> 3.3 | F50: = | G50: =ROUND(SUM(I44:I49),2) -> 48567.59
A51: TOTAL ITEM | E51: =A27 -> 3. | F51: = | G51: =ROUND(G50+G42+G34,2) -> 75374.86
A52: 4. | B52: ALVENARIA / DIVISORIAS E BANCADAS
A53: 4.1 | B53: COMPOSIÇÃO | C53: =COMPOSIÇÃO!B9 -> 103325/1 | D53: =COMPOSIÇÃO!C9 -> ALVENARIA DE VEDAÇÃO DE PARALELEPÍPEDOS DE 14X14X19 CM (ESPESSURA 14 CM) E ARGAMASSA DE ASSENTAMENTO COM PREPARO MANUAL. (EXCLUSIVE O PARALELEPÍPEDO). | E53: =COMPOSIÇÃO!F9 -> M2 | F53: ='MEMORIA DE CÁLCULO'!M374 -> 142.6989 | G53: =COMPOSIÇÃO!H18 -> 67.57 | H53: =G53*(1+$I$6) -> 83.388137 | I53: =H53*F53 -> 11899.396
A54: 4.2 | B54: COMPOSIÇÃO | C54: =COMPOSIÇÃO!B19 -> 20208/1 | D54: =COMPOSIÇÃO!C19 -> BANCO DE MADEIRA DO JARDIM | E54: =COMPOSIÇÃO!F19 -> M2 | F54: ='MEMORIA DE CÁLCULO'!M387 -> 33.75684 | G54: =COMPOSIÇÃO!H27 -> 441.94 | H54: =G54*(1+$I$6) -> 545.39815 | I54: =H54*F54 -> 18410.918
A55: 4.3 | B55: COMPOSIÇÃO | C55: =COMPOSIÇÃO!B28 -> 86895/1 | D55: =COMPOSIÇÃO!C28 -> BANCADA DE GRANITO - FORNECIMENTO E INSTALAÇÃO | E55: =COMPOSIÇÃO!F28 -> M2 | F55: ='MEMORIA DE CÁLCULO'!M415 -> 6.6651055 | G55: =COMPOSIÇÃO!H38 -> 405.93 | H55: =G55*(1+$I$6) -> 500.95821 | I55: =H55*F55 -> 3338.9393
A56: 4.4 | B56: COMPOSIÇÃO | C56: =COMPOSIÇÃO!B39 -> 104942/1 | D56: =COMPOSIÇÃO!C39 -> BRISE DE MADEIRA ECOLOGICO, INCLUSO PINTURA VERNIZ - FORNECIMENTO E INSTALAÇÃO | E56: =COMPOSIÇÃO!F39 -> M2 | F56: ='MEMORIA DE CÁLCULO'!M428 -> 92.91 | G56: =COMPOSIÇÃO!H47 -> 206.93 | H56: =G56*(1+$I$6) -> 255.37231 | I56: =H56*F56 -> 23726.642
A57: 4.5 | B57: SINAPI | C57: 105023 | D57: VERGA MOLDADA IN LOCO EM CONCRETO, ESPESSURA DE *15* CM. AF_03/2024 | E57: M | F57: ='MEMORIA DE CÁLCULO'!M456 -> 13.1654 | G57: 71.82 | H57: =G57*(1+$I$6) -> 88.633062 | I57: =H57*F57 -> 1166.8897
A58: 4.6 | B58: SINAPI | C58: 102253 | D58: DIVISORIA SANITÁRIA, EM GRANITO CINZA POLIDO, ESP = 3CM, ASSENTADO COM ARGAMASSA COLANTE AC III-E. AF_10/2025 | E58: M2 | F58: ='MEMORIA DE CÁLCULO'!M469 -> 9.0129 | G58: 974.54 | H58: =G58*(1+$I$6) -> 1202.6798 | I58: =H58*F58 -> 10839.633
A59: 4.7 | B59: SICOR | C59: ED-48210 | D59: PAREDE EM CHAPA DE GESSO ACARTONADO (DRYWALL), DIVISÃO ENTRE ÁREAS SECA E ÚMIDA DE UMA MESMA UNIDADE (ST/RU), ESP. 115 MM, INCLUSIVE MONTANTES, GUIAS E ACESSÓRIOS, EXCLUSIVE ISOLANTE TÉRMICO/ACÚSTICO | E59: M2 | F59: ='MEMORIA DE CÁLCULO'!M479 -> 5.1 | G59: 93.18 | H59: =G59*(1+$I$6) -> 114.99344 | I59: =H59*F59 -> 586.46653
A60: TOTAL ITEM | E60: =A52 -> 4. | F60: = | G60: =ROUND(SUM(I53:I59),2) -> 69968.88
A61: 5. | B61: ESQUADRIAS
A62: 5.1 | B62: SINAPI | C62: ED-50978 | D62: PORTA METÁLICA PARA SANITÁRIO EM CHAPA GALVANIZADA, ESP. 1,25MM (GSG-18), DIMENSÃO (60X180)CM, TIPO DE ABRIR, UMA (1) FOLHA, INCLUSIVE BATENTE, ESTRUTURA EM METALON (20X30)MM, DOBRADIÇA E TRANQUETA, EXCLUSIVE PINTURA | E62: UN | F62: ='MEMORIA DE CÁLCULO'!M491 -> 4 | G62: 436.5 | H62: =G62*(1+$I$6) -> 538.68465 | I62: =H62*F62 -> 2154.7386
A63: 5.2 | B63: SINAPI | C63: 90790 | D63: KIT DE PORTA-PRONTA DE MADEIRA EM ACABAMENTO MELAMÍNICO BRANCO, FOLHA LEVE OU MÉDIA, 80X210CM, EXCLUSIVE FECHADURA, FIXAÇÃO COM PREENCHIMENTO PARCIAL DE ESPUMA EXPANSIVA - FORNECIMENTO E INSTALAÇÃO. AF_10/2025 | E63: UN | F63: ='MEMORIA DE CÁLCULO'!M501 -> 4 | G63: 938.92 | H63: =G63*(1+$I$6) -> 1158.7212 | I63: =H63*F63 -> 4634.8847
A64: 5.3 | B64: SINAPI | C64: 90830 | D64: FECHADURA DE EMBUTIR COM CILINDRO, EXTERNA, COMPLETA, ACABAMENTO PADRÃO MÉDIO, INCLUSO EXECUÇÃO DE FURO - FORNECIMENTO E INSTALAÇÃO. AF_10/2025 | E64: UN | F64: ='MEMORIA DE CÁLCULO'!M511 -> 2 | G64: 223.24 | H64: =G64*(1+$I$6) -> 275.50048 | I64: =H64*F64 -> 551.00097
A65: 5.4 | B65: SINAPI | C65: 100705 | D65: TARJETA TIPO LIVRE/OCUPADO PARA PORTA DE BANHEIRO. AF_12/2019 | E65: UN | F65: ='MEMORIA DE CÁLCULO'!M521 -> 2 | G65: 89.93 | H65: =G65*(1+$I$6) -> 110.98261 | I65: =H65*F65 -> 221.96523
A66: 5.5 | B66: COMPOSIÇÃO | C66: =COMPOSIÇÃO!B48 -> 4922/1 | D66: =COMPOSIÇÃO!C48 -> PORTA EM ESQUADRIA DE ALUMINIO E VIDRO TEMPERADO DE 10MM DE CORRER, 2 FOLHAS, FIXAÇÃO COM PARAFUSO, ITENS INCLUSOS: RODIZIOS, MONTAGEM E INSTALAÇÃO DE GUARNIÇÃO E FECHADURA - FORCECIMENTO E INSTALAÇÃO. | E66: =COMPOSIÇÃO!F48 -> M2 | F66: ='MEMORIA DE CÁLCULO'!M531 -> 8.19 | G66: =COMPOSIÇÃO!H63 -> 1517.72 | H66: =G66*(1+$I$6) -> 1873.0183 | I66: =H66*F66 -> 15340.019
A67: 5.6 | B67: SINAPI | C67: 94807 | D67: PORTA EM AÇO DE ABRIR TIPO VENEZIANA SEM GUARNIÇÃO, 87X210CM, FIXAÇÃO COM PARAFUSOS - FORNECIMENTO E INSTALAÇÃO. AF_12/2019 | E67: UN | F67: ='MEMORIA DE CÁLCULO'!M538 -> 1 | G67: 797.21 | H67: =G67*(1+$I$6) -> 983.83686 | I67: =H67*F67 -> 983.83686
A68: 5.7 | B68: COMPOSIÇÃO | C68: =COMPOSIÇÃO!B64 -> 90838/1 | D68: =COMPOSIÇÃO!C64 -> PORTA DE ENROLAR MANUAL COMPLETA, PERFIL MEIA CANA CEGA, EM ACO GALVANIZADO COM PINTURA ELETROSTATICA, CHAPA NUMERO 24" FORNECIMENTO E INSTALAÇÃO | E68: =COMPOSIÇÃO!F64 -> M2 | F68: ='MEMORIA DE CÁLCULO'!M548 -> 6.5235 | G68: =COMPOSIÇÃO!H71 -> 651.41 | H68: =G68*(1+$I$6) -> 803.90508 | I68: =H68*F68 -> 5244.2748
A69: 5.8 | B69: SINAPI | C69: 94569 | D69: JANELA DE ALUMÍNIO TIPO MAXIM-AR, BATENTE/ REQUADRO 3 A 14 CM, VIDRO INCLUSO, FIXAÇÃO COM PARAFUSO, SEM GUARNIÇÃO/ ALIZAR, DIMENSÕES 60X80 (A X L) CM, SEM ACABAMENTO, VEDAÇÃO COM SILICONE, EXCLUSIVE CONTRAMARCO - FORNECIMENTO E INSTALAÇÃO. AF_11/2024 | E69: M2 | F69: ='MEMORIA DE CÁLCULO'!M564 -> 1.54 | G69: 706.25 | H69: =G69*(1+$I$6) -> 871.58312 | I69: =H69*F69 -> 1342.238
A70: 5.9 | B70: SINAPI | C70: 94570 | D70: JANELA DE ALUMÍNIO DE CORRER COM 2 FOLHAS PARA VIDROS (VIDROS INCLUSOS), BATENTE/ REQUADRO 6 A 14 CM, ACABAMENTO COM ACETATO OU BRILHANTE, FIXAÇÃO COM PARAFUSO, SEM GUARNIÇÃO/ ALIZAR, DIMENSÕES 100X120 CM, VEDAÇÃO COM SILICONE, EXCLUSIVE CONTRAMARCO - FORNECIMENTO E INSTALAÇÃO. AF_11/2024 | E70: M2 | F70: ='MEMORIA DE CÁLCULO'!M571 -> 2.0475 | G70: 371.43 | H70: =G70*(1+$I$6) -> 458.38176 | I70: =H70*F70 -> 938.53666
A71: TOTAL ITEM | E71: =A61 -> 5. | F71: = | G71: =ROUND(SUM(I62:I70),2) -> 31411.5
A72: 6. | B72: COBERTURA
A73: 6.1 | B73: SINAPI | C73: 104314 | D73: TRAMA DE AÇO COMPOSTA POR TERÇAS PARA TELHADOS DE ATÉ 2 ÁGUAS PARA TELHA ONDULADA DE FIBROCIMENTO, METÁLICA, PLÁSTICA OU TERMOACÚSTICA, INCLUSO TRANSPORTE VERTICAL (EM KG). AF_07/2019 | E73: KG | F73: ='MEMORIA DE CÁLCULO'!M583 -> 2604.283 | G73: 9,64 | H73: 12.1 | I73: =H73*F73 -> 31511.824
A74: 6.2 | B74: COMPOSIÇÃO | C74: =COMPOSIÇÃO!B72 -> 104314/1 | D74: =COMPOSIÇÃO!C72 -> ESTRUTURA TRELIÇADA DE VIGAS COM LIGAÇÕES SOLDADAS, INCLUSOS PERFIS METÁLICOS, CHAPAS METÁLICAS, MÃO DE OBRA E TRANSPORTE COM GUINDASTE - FORNECIMENTO E INSTALAÇÃO. (VIGAS) | E74: =COMPOSIÇÃO!F72 -> KG | F74: ='MEMORIA DE CÁLCULO'!M593 -> 725.087 | G74: =COMPOSIÇÃO!H87 -> 20.61 | H74: =G74*(1+$I$6) -> 25.434801 | I74: =H74*F74 -> 18442.444
A75: 6.3 | B75: COMPOSIÇÃO | C75: =COMPOSIÇÃO!B88 -> 104314/2 | D75: =COMPOSIÇÃO!C88 -> ESTRUTURA TRELIÇADA DE PILARES COM LIGAÇÕES SOLDADAS, INCLUSOS PERFIS METÁLICOS, CHAPAS METÁLICAS, MÃO DE OBRA E TRANSPORTE COM GUINDASTE - FORNECIMENTO E INSTALAÇÃO. (PILARES) | E75: =COMPOSIÇÃO!F88 -> KG | F75: ='MEMORIA DE CÁLCULO'!M603 -> 408.287 | G75: =COMPOSIÇÃO!H103 -> 19.67 | H75: =G75*(1+$I$6) -> 24.274747 | I75: =H75*F75 -> 9911.0636
A76: 6.4 | B76: COMPOSIÇÃO | C76: =COMPOSIÇÃO!B104 -> 1330/1 | D76: =COMPOSIÇÃO!C104 -> CHAPA DE AÇO GROSSA, ASTM A36, E = 3/8" (9,53 MM) 74,69 KG/M2 - FORNECIMENTO E INSTALAÇÃO | E76: =COMPOSIÇÃO!F104 -> KG | F76: ='MEMORIA DE CÁLCULO'!M613 -> 56.683 | G76: =COMPOSIÇÃO!H111 -> 11.77 | H76: =G76*(1+$I$6) -> 14.525357 | I76: =H76*F76 -> 823.34081
A77: 6.5 | B77: COMPOSIÇÃO | C77: =COMPOSIÇÃO!B112 -> 104314/3 | D77: =COMPOSIÇÃO!C112 -> ESTRUTURA METALICA COM LIGAÇÕES SOLDADAS, INCLUSOS PERFIS METÁLICOS, CHAPAS METÁLICAS, MÃO DE OBRA E TRANSPORTE COM GUINDASTE - FORNECIMENTO E INSTALAÇÃO. (VIGAS E PILARES) | E77: =COMPOSIÇÃO!F112 -> KG | F77: ='MEMORIA DE CÁLCULO'!M620 -> 3920.82 | G77: =COMPOSIÇÃO!H127 -> 24.49 | H77: =G77*(1+$I$6) -> 30.223109 | I77: =H77*F77 -> 118499.37
A78: 6.6 | B78: SINAPI | C78: 94216 | D78: TELHAMENTO COM TELHA METÁLICA TERMOACÚSTICA E = 30 MM, COM ATÉ 2 ÁGUAS, INCLUSO IÇAMENTO. AF_07/2019 | E78: M2 | F78: ='MEMORIA DE CÁLCULO'!M630 -> 203 | G78: 193.57 | H78: =G78*(1+$I$6) -> 238.88474 | I78: =H78*F78 -> 48493.602
A79: 6.7 | B79: SINAPI | C79: 94228 | D79: CALHA EM CHAPA DE AÇO GALVANIZADO NÚMERO 24, DESENVOLVIMENTO DE 50 CM, INCLUSO TRANSPORTE VERTICAL. AF_07/2019 | E79: M | F79: ='MEMORIA DE CÁLCULO'!M641 -> 43 | G79: 90.88 | H79: =G79*(1+$I$6) -> 112.15501 | I79: =H79*F79 -> 4822.6653
A80: 6.8 | B80: SICOR | C80: ED-50677 | D80: RUFO E CONTRARRUFO EM CHAPA GALVANIZADA, ESP. 0,65MM (GSG-24), COM DESENVOLVIMENTO DE 25CM, INCLUSIVE IÇAMENTO MANUAL VERTICAL | E80: M | F80: ='MEMORIA DE CÁLCULO'!M651 -> 86 | G80: 39.46 | H80: =G80*(1+$I$6) -> 48.697586 | I80: =H80*F80 -> 4187.9924
A81: 6.9 | B81: COMPOSIÇÃO | C81: =COMPOSIÇÃO!B129 -> 11033/1 | D81: =COMPOSIÇÃO!C129 -> SUPORTE PARA CALHA DE 150 MM EM FERRO GALVANIZADO - FORNECIMENTO E INSTALAÇÃO | E81: =COMPOSIÇÃO!F129 -> UN | F81: ='MEMORIA DE CÁLCULO'!M661 -> 29 | G81: =COMPOSIÇÃO!H136 -> 10.04 | H81: =G81*(1+$I$6) -> 12.390364 | I81: =H81*F81 -> 359.32056
A82: 6.10 | B82: COMPOSIÇÃO | C82: =COMPOSIÇÃO!B137 -> 104990/1 | D82: =COMPOSIÇÃO!C137 -> CHUMBADOR DE AÇO GALVANIZADO, 1"X600MM - FORNECIMENTO E INSTALAÇÃO | E82: =COMPOSIÇÃO!F137 -> UN | F82: ='MEMORIA DE CÁLCULO'!M671 -> 60 | G82: =COMPOSIÇÃO!H144 -> 86.9 | H82: =G82*(1+$I$6) -> 107.24329 | I82: =H82*F82 -> 6434.5974
A83: TOTAL ITEM | E83: =A72 -> 6. | F83: = | G83: =ROUND(SUM(I73:I82),2) -> 243486.22
A84: 7. | B84: INSTALAÇÃO ELÉTRICA
A85: 7.1 | B85: SINAPI | C85: 39210 | D85: ARRUELA EM ALUMINIO, COM ROSCA, DE 1", PARA ELETRODUTO | E85: UN | F85: 4 | G85: 1.11 | H85: =G85*(1+$I$6) -> 1.369851 | I85: =H85*F85 -> 5.479404
A86: 7.2 | B86: SINAPI | C86: 39209 | D86: ARRUELA EM ALUMINIO, COM ROSCA, DE 3/4", PARA ELETRODUTO | E86: UN | F86: 1 | G86: 0.71 | H86: =G86*(1+$I$6) -> 0.876211 | I86: =H86*F86 -> 0.876211
A87: 7.3 | B87: SINAPI | C87: 39176 | D87: BUCHA EM ALUMINIO, COM ROSCA, DE 1", PARA ELETRODUTO | E87: UN | F87: 4 | G87: 1.49 | H87: =G87*(1+$I$6) -> 1.838809 | I87: =H87*F87 -> 7.355236
A88: 7.4 | B88: SINAPI | C88: 39175 | D88: BUCHA EM ALUMINIO, COM ROSCA, DE 3/4", PARA ELETRODUTO | E88: UN | F88: 1 | G88: 1.38 | H88: =G88*(1+$I$6) -> 1.703058 | I88: =H88*F88 -> 1.703058
A89: 7.5 | B89: SINAPI | C89: 91941 | D89: CAIXA RETANGULAR 4" X 2" BAIXA (0,30 M DO PISO), PVC, INSTALADA EM PAREDE - FORNECIMENTO E INSTALAÇÃO. AF_03/2023 | E89: UN | F89: 4 | G89: 15.51 | H89: =G89*(1+$I$6) -> 19.140891 | I89: =H89*F89 -> 76.563564
A90: 7.6 | B90: SINAPI | C90: 91940 | D90: CAIXA RETANGULAR 4" X 2" MÉDIA (1,30 M DO PISO), PVC, INSTALADA EM PAREDE - FORNECIMENTO E INSTALAÇÃO. AF_03/2023 | E90: UN | F90: 9 | G90: 25.56 | H90: =G90*(1+$I$6) -> 31.543596 | I90: =H90*F90 -> 283.89236
A91: 7.7 | B91: SINAPI | C91: 91937 | D91: CAIXA OCTOGONAL 3" X 3", PVC, INSTALADA EM LAJE - FORNECIMENTO E INSTALAÇÃO. AF_03/2023 | E91: UN | F91: 40 | G91: 21.01 | H91: =G91*(1+$I$6) -> 25.928441 | I91: =H91*F91 -> 1037.1376
A92: 7.8 | B92: COMPOSIÇÃO | C92: =COMPOSIÇÃO!B145 -> 1880/1 | D92: =COMPOSIÇÃO!C145 -> CURVA 135 GRAUS, DE PVC RIGIDO ROSCAVEL, DE 1", PARA ELETRODUTO - FORNECIMENTO E INSTALAÇÃO | E92: =COMPOSIÇÃO!F145 -> UN | F92: 2 | G92: 128,41 | H92: =G92*(1+$I$6) -> 158.47078 | I92: =H92*F92 -> 316.94156
A93: 7.9 | B93: COMPOSIÇÃO | C93: =COMPOSIÇÃO!B152 -> 1884/1 | D93: =COMPOSIÇÃO!C152 -> CURVA 90 GRAUS, DE PVC RIGIDO ROSCAVEL, DE 1", PARA ELETRODUTO - FORNECIMENTO E INSTALAÇÃO | E93: =COMPOSIÇÃO!F152 -> UN | F93: 4 | G93: =COMPOSIÇÃO!H158 -> 4 | H93: =G93*(1+$I$6) -> 4.9364 | I93: =H93*F93 -> 19.7456
A94: 7.10 | B94: COMPOSIÇÃO | C94: =COMPOSIÇÃO!B159 -> 1892/1 | D94: =COMPOSIÇÃO!C159 -> LUVA PARA ELETRODUTO, PVC, ROSCÁVEL, DN 32 MM (1") - FORNECIMENTO E INSTALAÇÃO. AF_03/2023 | E94: =COMPOSIÇÃO!F159 -> UN | F94: 8 | G94: =COMPOSIÇÃO!H165 -> 1.94 | H94: =G94*(1+$I$6) -> 2.394154 | I94: =H94*F94 -> 19.153232
A95: 7.11 | B95: COMPOSIÇÃO | C95: =COMPOSIÇÃO!B166 -> 11950/1 | D95: =COMPOSIÇÃO!C166 -> BUCHA DE NYLON S6 - FORNECIMENTO E INSTALAÇÃO | E95: =COMPOSIÇÃO!F166 -> UN | F95: 36 | G95: =COMPOSIÇÃO!H172 -> 0.65 | H95: =G95*(1+$I$6) -> 0.802165 | I95: =H95*F95 -> 28.87794
A96: 7.12 | B96: COMPOSIÇÃO | C96: =COMPOSIÇÃO!B173 -> 404/1 | D96: =COMPOSIÇÃO!C173 -> FITA ISOLANTE DE BORRACHA AUTOFUSAO, USO ATE 69 KV (ALTA TENSAO) - FORNECIMENTO E INSTALAÇÃO | E96: =COMPOSIÇÃO!F173 -> M | F96: 20 | G96: =COMPOSIÇÃO!H179 -> 2.48 | H96: =G96*(1+$I$6) -> 3.060568 | I96: =H96*F96 -> 61.21136
A97: 7.13 | B97: SINAPI | C97: 91925 | D97: CABO DE COBRE FLEXÍVEL ISOLADO, 1,5 MM², ANTI-CHAMA 0,6/1,0 KV, PARA CIRCUITOS TERMINAIS - FORNECIMENTO E INSTALAÇÃO. AF_03/2023 | E97: M | F97: 450.33 | G97: 4.42 | H97: =G97*(1+$I$6) -> 5.454722 | I97: =H97*F97 -> 2456.425
A98: 7.14 | B98: SINAPI | C98: 91933 | D98: CABO DE COBRE FLEXÍVEL ISOLADO, 10 MM², ANTI-CHAMA 0,6/1,0 KV, PARA CIRCUITOS TERMINAIS - FORNECIMENTO E INSTALAÇÃO. AF_03/2023 | E98: M | F98: 716.28 | G98: 19.07 | H98: =G98*(1+$I$6) -> 23.534287 | I98: =H98*F98 -> 16857.139
A99: 7.15 | B99: SINAPI | C99: 91935 | D99: CABO DE COBRE FLEXÍVEL ISOLADO, 16 MM², ANTI-CHAMA 0,6/1,0 KV, PARA CIRCUITOS TERMINAIS - FORNECIMENTO E INSTALAÇÃO. AF_03/2023 | E99: M | F99: 25.4 | G99: 29.77 | H99: =G99*(1+$I$6) -> 36.739157 | I99: =H99*F99 -> 933.17459
A100: 7.16 | B100: SINAPI | C100: 91927 | D100: CABO DE COBRE FLEXÍVEL ISOLADO, 2,5 MM², ANTI-CHAMA 0,6/1,0 KV, PARA CIRCUITOS TERMINAIS - FORNECIMENTO E INSTALAÇÃO. AF_03/2023 | E100: M | F100: 119.18 | G100: 5.9 | H100: =G100*(1+$I$6) -> 7.28119 | I100: =H100*F100 -> 867.77222
A101: 7.17 | B101: COMPOSIÇÃO | C101: =COMPOSIÇÃO!B180 -> 1019/1 | D101: =COMPOSIÇÃO!C180 -> CABO DE COBRE, FLEXIVEL, CLASSE 4 OU 5, ISOLACAO EM PVC/A, ANTICHAMA BWF-B, COBERTURA PVC-ST1, ANTICHAMA BWF-B, 1 CONDUTOR, 0,6/1 KV, SECAO NOMINAL 35 MM2 - FORNECIMENTO E INSTALAÇÃO | E101: =COMPOSIÇÃO!F180 -> M | F101: 101.59 | G101: =COMPOSIÇÃO!H187 -> 38.25 | H101: =G101*(1+$I$6) -> 47.204325 | I101: =H101*F101 -> 4795.4874
A102: 7.18 | B102: SINAPI | C102: 91955 | D102: INTERRUPTOR PARALELO (1 MÓDULO), 10A/250V, INCLUINDO SUPORTE E PLACA - FORNECIMENTO E INSTALAÇÃO. AF_03/2023 | E102: UN | F102: 1 | G102: 49.73 | H102: =G102*(1+$I$6) -> 61.371793 | I102: =H102*F102 -> 61.371793
...

Sheet CRONOGRAMA
A2: CRONOGRAMA FÍSICO-FINANCEIRO
A3: =ORÇAMENTO!A3 -> OBRA: PROJETO VILLA DO BOI | K3: =ORÇAMENTO!I3 -> 46134
A4: =ORÇAMENTO!A4 -> LOCAL: RUA GUARDA MOR LUSTOSA, S/Nº - CENTRO, OURO FINO - MG
A5: =ORÇAMENTO!A5 -> REGIÃO/MÊS DE REF.: SICOR SUL - OUT/2025 SEM DESONERAÇÃO / SINAPI JAN/2026 NÃO DESONERADO
A6: =ORÇAMENTO!A6 -> PRAZO DE EXECUÇÃO: 6 MESES
A7: =ORÇAMENTO!A7 -> VALOR ESTIMADO DA OBRA: | C7: =ORÇAMENTO!D7 -> 1004805.6 | M7: =IF(SUM(K43)=C7,TRUE,FALSE) -> TRUE
A9: ITEM | B9: ETAPAS | C9: FÍSICO / FINANCEIRO | D9: TOTAL ETAPAS | E9: 1º MÊS | F9: 2º MÊS | G9: 3º MÊS | H9: 4º MÊS | I9: 5º MÊS | J9: 6º MÊS | K9: TOTAL
A10: =ORÇAMENTO!A10 -> 1. | B10: =ORÇAMENTO!B10 -> SERVIÇOS PRELIMINARES | C10: Físico % | D10: 1 | E10: 1 | K10: =SUM(E10:J10) -> 1
C11: Financeiro | D11: =ORÇAMENTO!G20 -> 80450.15 | E11: =E10*$D$11 -> 80450.15 | K11: =SUM(E11:J11) -> 80450.15
A12: =ORÇAMENTO!A21 -> 2. | B12: =ORÇAMENTO!B21 -> MOVIMENTAÇÃO DE TERRA | C12: Físico % | D12: 1 | E12: 0.15 | F12: 0.25 | G12: 0.4 | H12: 0.2 | K12: =SUM(E12:J12) -> 1
C13: Financeiro | D13: =ORÇAMENTO!G26 -> 10441.85 | E13: =E12*$D$13 -> 1566.2775 | F13: =F12*$D$13 -> 2610.4625 | G13: =G12*$D$13 -> 4176.74 | H13: =H12*$D$13 -> 2088.37 | I13: =I12*$D$13 -> 0 | J13: =J12*$D$13 -> 0 | K13: =SUM(E13:J13) -> 10441.85
A14: =ORÇAMENTO!A27 -> 3. | B14: =ORÇAMENTO!B27 -> INFRAESTRUTURA | C14: Físico % | D14: 1 | E14: 0.25 | F14: 0.6 | G14: 0.15 | K14: =SUM(E14:J14) -> 1
C15: Financeiro | D15: =ORÇAMENTO!G51 -> 75374.86 | E15: =E14*$D$15 -> 18843.715 | F15: =F14*$D$15 -> 45224.916 | G15: =G14*$D$15 -> 11306.229 | K15: =SUM(E15:J15) -> 75374.86
A16: =ORÇAMENTO!A52 -> 4. | B16: =ORÇAMENTO!B52 -> ALVENARIA / DIVISORIAS E BANCADAS | C16: Físico % | D16: 1 | E16: 0.05 | G16: 0.15 | H16: 0.2 | I16: 0.3 | J16: 0.3 | K16: =SUM(E16:J16) -> 1
C17: Financeiro | D17: =ORÇAMENTO!G60 -> 69968.88 | E17: =E16*$D$17 -> 3498.444 | F17: =F16*$D$17 -> 0 | G17: =G16*$D$17 -> 10495.332 | H17: =H16*$D$17 -> 13993.776 | I17: =I16*$D$17 -> 20990.664 | J17: =J16*$D$17 -> 20990.664 | K17: =SUM(E17:J17) -> 69968.88
A18: =ORÇAMENTO!A61 -> 5. | B18: =ORÇAMENTO!B61 -> ESQUADRIAS | C18: Físico % | D18: 1 | H18: 0.1 | I18: 0.4 | J18: 0.5 | K18: =SUM(E18:J18) -> 1
C19: Financeiro | D19: =ORÇAMENTO!G71 -> 31411.5 | E19: =E18*$D$19 -> 0 | F19: =F18*$D$19 -> 0 | G19: =G18*$D$19 -> 0 | H19: =H18*$D$19 -> 3141.15 | I19: =I18*$D$19 -> 12564.6 | J19: =J18*$D$19 -> 15705.75 | K19: =SUM(E19:J19) -> 31411.5
A20: =ORÇAMENTO!A72 -> 6. | B20: =ORÇAMENTO!B72 -> COBERTURA | C20: Físico % | D20: 1 | E20: 0.05 | G20: 0.15 | H20: 0.3 | I20: 0.5 | K20: =SUM(E20:J20) -> 1
C21: Financeiro | D21: =ORÇAMENTO!G83 -> 243486.22 | E21: =E20*$D$21 -> 12174.311 | F21: =F20*$D$21 -> 0 | G21: =G20*$D$21 -> 36522.933 | H21: =H20*$D$21 -> 73045.866 | I21: =I20*$D$21 -> 121743.11 | J21: =J20*$D$21 -> 0 | K21: =SUM(E21:J21) -> 243486.22
A22: =ORÇAMENTO!A84 -> 7. | B22: =ORÇAMENTO!B84 -> INSTALAÇÃO ELÉTRICA | C22: Físico % | D22: 1 | E22: 0.05 | F22: 0.3 | G22: 0.3 | H22: 0.35 | K22: =SUM(E22:J22) -> 1
C23: Financeiro | D23: =ORÇAMENTO!G132 -> 55567.491 | E23: =E22*$D$23 -> 2778.3745 | F23: =F22*$D$23 -> 16670.247 | G23: =G22*$D$23 -> 16670.247 | H23: =H22*$D$23 -> 19448.622 | I23: =I22*$D$23 -> 0 | J23: =J22*$D$23 -> 0 | K23: =SUM(E23:J23) -> 55567.491
A24: =ORÇAMENTO!A133 -> 8. | B24: =ORÇAMENTO!B133 -> INSTALAÇÃO HIDROSSANITÁRIA | C24: Físico % | D24: 1 | E24: 0.2 | F24: 0.4 | G24: 0.4 | K24: =SUM(E24:J24) -> 1
C25: Financeiro | D25: =ORÇAMENTO!G175 -> 43180.82 | E25: =E24*$D$25 -> 8636.164 | F25: =F24*$D$25 -> 17272.328 | G25: =G24*$D$25 -> 17272.328 | H25: =H24*$D$25 -> 0 | I25: =I24*$D$25 -> 0 | J25: =J24*$D$25 -> 0 | K25: =SUM(E25:J25) -> 43180.82
A26: =ORÇAMENTO!A176 -> 9. | B26: =ORÇAMENTO!B176 -> IMPERMEABILIZAÇÕES | C26: Físico % | D26: 1 | F26: 1 | K26: =SUM(E26:J26) -> 1
C27: Financeiro | D27: =ORÇAMENTO!G178 -> 8390.77 | E27: =E26*$D$27 -> 0 | F27: =F26*$D$27 -> 8390.77 | G27: =G26*$D$27 -> 0 | H27: =H26*$D$27 -> 0 | I27: =I26*$D$27 -> 0 | J27: =J26*$D$27 -> 0 | K27: =SUM(E27:J27) -> 8390.77
A28: =ORÇAMENTO!A179 -> 10. | B28: =ORÇAMENTO!B179 -> REVESTIMENTOS INTERNO E EXTERNO | C28: Físico % | D28: 1 | G28: 0.2 | H28: 0.1 | I28: 0.1 | J28: 0.6 | K28: =SUM(E28:J28) -> 1
C29: Financeiro | D29: =ORÇAMENTO!G187 -> 32647.1 | E29: =E28*$D$29 -> 0 | F29: =F28*$D$29 -> 0 | G29: =G28*$D$29 -> 6529.42 | H29: =H28*$D$29 -> 3264.71 | I29: =I28*$D$29 -> 3264.71 | J29: =J28*$D$29 -> 19588.26 | K29: =SUM(E29:J29) -> 32647.1
A30: =ORÇAMENTO!A188 -> 11. | B30: =ORÇAMENTO!B188 -> VIDROS | C30: Físico % | D30: 1 | I30: 0.5 | J30: 0.5 | K30: =SUM(E30:J30) -> 1
C31: Financeiro | D31: =ORÇAMENTO!G190 -> 498.72 | E31: =E30*$D$31 -> 0 | F31: =F30*$D$31 -> 0 | G31: =G30*$D$31 -> 0 | H31: =H30*$D$31 -> 0 | I31: =I30*$D$31 -> 249.36 | J31: =J30*$D$31 -> 249.36 | K31: =SUM(E31:J31) -> 498.72
A32: =ORÇAMENTO!A191 -> 12. | B32: =ORÇAMENTO!B191 -> PINTURA | C32: Físico % | D32: 1 | F32: 0.3 | H32: 0.15 | I32: 0.1 | J32: 0.45 | K32: =SUM(E32:J32) -> 1
C33: Financeiro | D33: =ORÇAMENTO!G211 -> 94470.53 | E33: =E32*$D$33 -> 0 | F33: =F32*$D$33 -> 28341.159 | G33: =G32*$D$33 -> 0 | H33: =H32*$D$33 -> 14170.579 | I33: =I32*$D$33 -> 9447.053 | J33: =J32*$D$33 -> 42511.738 | K33: =SUM(E33:J33) -> 94470.53
A34: =ORÇAMENTO!A212 -> 13. | B34: =ORÇAMENTO!B212 -> PISOS | C34: Físico % | D34: 1 | G34: 0.25 | H34: 0.25 | I34: 0.15 | J34: 0.35 | K34: =SUM(E34:J34) -> 1
C35: Financeiro | D35: =ORÇAMENTO!G224 -> 155553.02 | E35: =E34*$D$35 -> 0 | F35: =F34*$D$35 -> 0 | G35: =G34*$D$35 -> 38888.255 | H35: =H34*$D$35 -> 38888.255 | I35: =I34*$D$35 -> 23332.953 | J35: =J34*$D$35 -> 54443.557 | K35: =SUM(E35:J35) -> 155553.02
A36: =ORÇAMENTO!A225 -> 14. | B36: =ORÇAMENTO!B225 -> FORRO E TETOS | C36: Físico % | D36: 1 | J36: 1 | K36: =SUM(E36:J36) -> 1
C37: Financeiro | D37: =ORÇAMENTO!G228 -> 2948.08 | E37: =E36*$D$37 -> 0 | F37: =F36*$D$37 -> 0 | G37: =G36*$D$37 -> 0 | H37: =H36*$D$37 -> 0 | I37: =I36*$D$37 -> 0 | J37: =J36*$D$37 -> 2948.08 | K37: =SUM(E37:J37) -> 2948.08
A38: =ORÇAMENTO!A229 -> 15. | B38: =ORÇAMENTO!B229 -> PROJETOS | C38: Físico % | D38: 1 | F38: 0.9 | J38: 0.1 | K38: =SUM(E38:J38) -> 1
C39: Financeiro | D39: =ORÇAMENTO!G232 -> 6101.75 | E39: =E38*$D$39 -> 0 | F39: =F38*$D$39 -> 5491.575 | G39: =G38*$D$39 -> 0 | H39: =H38*$D$39 -> 0 | I39: =I38*$D$39 -> 0 | J39: =J38*$D$39 -> 610.175 | K39: =SUM(E39:J39) -> 6101.75
A40: =ORÇAMENTO!A233 -> 16. | B40: =ORÇAMENTO!B233 -> SERVIÇOS COMPLEMENTARES | C40: Físico % | D40: 1 | E40: 0.15 | F40: 0.2 | G40: 0.2 | H40: 0.1 | I40: 0.05 | J40: 0.3 | K40: =SUM(E40:J40) -> 1
C41: Financeiro | D41: =ORÇAMENTO!G252 -> 94313.89 | E41: =E40*$D$41 -> 14147.083 | F41: =F40*$D$41 -> 18862.778 | G41: =G40*$D$41 -> 18862.778 | H41: =H40*$D$41 -> 9431.389 | I41: =I40*$D$41 -> 4715.6945 | J41: =J40*$D$41 -> 28294.167 | K41: =SUM(E41:J41) -> 94313.89
A42: TOTAL | C42: Físico % | D42: 1 | E42: =E43/$D$43 -> 0.14141493 | F42: =F43/$D$43 -> 0.14218097 | G42: =G43/$D$43 -> 0.15995557 | H42: =H43/$D$43 -> 0.17662393 | I42: =I43/$D$43 -> 0.19536927 | J42: =J43/$D$43 -> 0.18445533 | K42: =SUM(E42:J42) -> 1
C43: Financeiro | D43: =ROUND(D11+D13+D15+D17+D19+D21+D23+D25+D27+D29+D31+D33+D35+D37+D39+D41,2) -> 1004805.6 | E43: =ROUND(E11+E13+E15+E17+E19+E21+E23+E25+E27+E29+E31+E33+E35+E37+E39+E41,2) -> 142094.52 | F43: =ROUND(F11+F13+F15+F17+F19+F21+F23+F25+F27+F29+F31+F33+F35+F37+F39+F41,2) -> 142864.24 | G43: =ROUND(G11+G13+G15+G17+G19+G21+G23+G25+G27+G29+G31+G33+G35+G37+G39+G41,2) -> 160724.26 | H43: =ROUND(H11+H13+H15+H17+H19+H21+H23+H25+H27+H29+H31+H33+H35+H37+H39+H41,2) -> 177472.72 | I43: =ROUND(I11+I13+I15+I17+I19+I21+I23+I25+I27+I29+I31+I33+I35+I37+I39+I41,2) -> 196308.14 | J43: =ROUND(J11+J13+J15+J17+J19+J21+J23+J25+J27+J29+J31+J33+J35+J37+J39+J41,2) -> 185341.75 | K43: =ROUND(K11+K13+K15+K17+K19+K21+K23+K25+K27+K29+K31+K33+K35+K37+K39+K41,2) -> 1004805.6
A53: ____________________________________
A54: Responsável Técnico: Daniel Teixeira
A55: Engenheiro Civil - CREA MG 88325/D

Sheet COMPOSIÇÃO
A2: COMPOSIÇÃO DE CUSTO
A3: =ORÇAMENTO!A3 -> OBRA: PROJETO VILLA DO BOI | G3: DATA: | H3: =ORÇAMENTO!I3 -> 46134
A4: =ORÇAMENTO!A4 -> LOCAL: RUA GUARDA MOR LUSTOSA, S/Nº - CENTRO, OURO FINO - MG
A5: =ORÇAMENTO!A5 -> REGIÃO/MÊS DE REF.: SICOR SUL - OUT/2025 SEM DESONERAÇÃO / SINAPI JAN/2026 NÃO DESONERADO
A6: =ORÇAMENTO!A6 -> PRAZO DE EXECUÇÃO: 6 MESES
A7: =ORÇAMENTO!A7 -> VALOR ESTIMADO DA OBRA: | D7: =ORÇAMENTO!D7 -> 1004805.6
A9: =ORÇAMENTO!A53 -> 4.1 | B9: 103325/1 | C9: ALVENARIA DE VEDAÇÃO DE PARALELEPÍPEDOS DE 14X14X19 CM (ESPESSURA 14 CM) E ARGAMASSA DE ASSENTAMENTO COM PREPARO MANUAL. (EXCLUSIVE O PARALELEPÍPEDO). | E9: UNIDADE | F9: M2
A10: TIPO | B10: CODIGO | D10: DESCRIÇÃO | E10: UNID | F10: ÍNDICE | G10: UNIT. (R$) | H10: TOTAL
A12: INSUMO / COMPOSIÇÃO | B12: FONTE | C12: CÓDIGO | D12: DESCRIÇÃO | E12: UN | F12: COEF. | G12: CUSTO UNITÁRIO | H12: SUBTOTAL
A13: INSUMO | B13: SINAPI-I | C13: 37395 | D13: PINO DE ACO COM FURO, HASTE = 27 MM (ACAO DIRETA) | E13: CENTO | F13: 0.01 | G13: 41.93
A14: INSUMO | B14: SINAPI-I | C14: 34547 | D14: TELA DE ACO SOLDADA GALVANIZADA/ZINCADA PARA ALVENARIA, FIO D = *1,20 A 1,70* MM, MALHA 15 X 15 MM, (C X L) *50 X 12* CM | E14: M | F14: 0.42 | G14: 3.29 | H14: =G14*F14 -> 1.3818
A15: COMPOSIÇÃO | B15: SINAPI | C15: 88316 | D15: SERVENTE COM ENCARGOS COMPLEMENTARES | E15: H | F15: 0.565 | G15: 31.15 | H15: =G15*F15 -> 17.59975
A16: COMPOSIÇÃO | B16: SINAPI | C16: 88309 | D16: PEDREIRO COM ENCARGOS COMPLEMENTARES | E16: H | F16: 1.13 | G16: 35.87 | H16: =G16*F16 -> 40.5331
A17: COMPOSIÇÃO | B17: SINAPI | C17: 87369 | D17: ARGAMASSA TRAÇO 1:2:8 (EM VOLUME DE CIMENTO, CAL E AREIA MÉDIA ÚMIDA) PARA EMBOÇO/MASSA ÚNICA/ASSENTAMENTO DE ALVENARIA DE VEDAÇÃO, PREPARO MANUAL. AF_08/2019 | E17: M3 | F17: 0.0105 | G17: 766.72 | H17: =G17*F17 -> 8.05056
F18: VALOR TOTAL | H18: =ROUND(SUM(H13:H17),2) -> 67.57
A19: =ORÇAMENTO!A54 -> 4.2 | B19: 20208/1 | C19: BANCO DE MADEIRA DO JARDIM | E19: UNIDADE | F19: M2
A20: TIPO | B20: CODIGO | D20: DESCRIÇÃO | E20: UNID | F20: ÍNDICE | G20: UNIT. (R$) | H20: TOTAL
A22: INSUMO / COMPOSIÇÃO | B22: FONTE | C22: CÓDIGO | D22: DESCRIÇÃO | E22: UN | F22: COEF. | G22: CUSTO UNITÁRIO | H22: SUBTOTAL
A23: INSUMO | B23: SINAPI-I | C23: 20208 | D23: PRANCHAO APARELHADO *8 X 30* CM, EM MACARANDUBA/MASSARANDUBA, ANGELIM OU EQUIVALENTE DA REGIAO | E23: M | F23: 3 | G23: 137.45 | H23: =G23*F23 -> 412.35
A24: INSUMO | B24: SINAPI-I | C24: 10481 | D24: VERNIZ MARITIMO PREMIUM PARA MADEIRA, COM FILTRO SOLAR, BRILHANTE, USO INTERNO E EXTERNO | E24: L | F24: 0.25 | G24: 36.55 | H24: =G24*F24 -> 9.1375
A25: COMPOSIÇÃO | B25: SINAPI | C25: 88243 | D25: AJUDANTE ESPECIALIZADO COM ENCARGOS COMPLEMENTARES | E25: H | F25: 0.25 | G25: 32.46 | H25: =G25*F25 -> 8.115
A26: COMPOSIÇÃO | B26: SINAPI | C26: 88273 | D26: MARCENEIRO COM ENCARGOS COMPLEMENTARES | E26: H | F26: 0.35 | G26: 35.24 | H26: =G26*F26 -> 12.334
F27: VALOR TOTAL | H27: =ROUND(SUM(H23:H26),2) -> 441.94
A28: =ORÇAMENTO!A55 -> 4.3 | B28: 86895/1 | C28: BANCADA DE GRANITO - FORNECIMENTO E INSTALAÇÃO | E28: UNIDADE | F28: M2
A29: TIPO | B29: CODIGO | D29: DESCRIÇÃO | E29: UNID | F29: ÍNDICE | G29: UNIT. (R$) | H29: TOTAL
A31: INSUMO / COMPOSIÇÃO | B31: FONTE | C31: CÓDIGO | D31: DESCRIÇÃO | E31: UN | F31: COEF. | G31: CUSTO UNITÁRIO | H31: SUBTOTAL
A32: INSUMO | B32: SINAPI-I | C32: 37590 | D32: SUPORTE MAO-FRANCESA EM ACO, ABAS IGUAIS 30 CM, CAPACIDADE MINIMA 60 KG, BRANCO | E32: UN | F32: 2 | G32: 16.86 | H32: =G32*F32 -> 33.72
A33: INSUMO | B33: SINAPI-I | C33: 37329 | D33: REJUNTE EPOXI, QUALQUER COR | E33: KG | F33: 0.0154 | G33: 98.93 | H33: =G33*F33 -> 1.523522
A34: INSUMO | B34: SINAPI-I | C34: 11795 | D34: GRANITO PARA BANCADA, POLIDO, TIPO ANDORINHA/ QUARTZ/ CASTELO/ CORUMBA OU OUTROS EQUIVALENTES DA REGIAO, E= *2,5* CM | E34: M2 | F34: 0.397 | G34: 671.69 | H34: =G34*F34 -> 266.66093
A35: INSUMO | B35: SINAPI-I | C35: 7568 | D35: BUCHA DE NYLON SEM ABA S10, COM PARAFUSO DE 6,10 X 65 MM EM ACO ZINCADO COM ROSCA SOBERBA, CABECA CHATA E FENDA PHILLIPS | E35: UN | F35: 6 | G35: 0.3 | H35: =G35*F35 -> 1.8
A36: COMPOSIÇÃO | B36: SINAPI | C36: 88243 | D36: AJUDANTE ESPECIALIZADO COM ENCARGOS COMPLEMENTARES | E36: H | F36: 0.9811 | G36: 32.46 | H36: =G36*F36 -> 31.846506
A37: COMPOSIÇÃO | B37: SINAPI | C37: 88274 | D37: MARMORISTA/GRANITEIRO COM ENCARGOS COMPLEMENTARES | E37: H | F37: 1.9209 | G37: 36.64 | H37: =G37*F37 -> 70.381776
F38: VALOR TOTAL | H38: =ROUND(SUM(H32:H37),2) -> 405.93
A39: =ORÇAMENTO!A56 -> 4.4 | B39: 104942/1 | C39: BRISE DE MADEIRA ECOLOGICO, INCLUSO PINTURA VERNIZ - FORNECIMENTO E INSTALAÇÃO | E39: UNIDADE | F39: M2
A40: TIPO | B40: CODIGO | D40: DESCRIÇÃO | E40: UNID | F40: ÍNDICE | G40: UNIT. (R$) | H40: TOTAL
A42: INSUMO / COMPOSIÇÃO | B42: FONTE | C42: CÓDIGO | D42: DESCRIÇÃO | E42: UN. | F42: COEF. | G42: CUSTO UNITÁRIO | H42: SUBTOTAL
A43: INSUMO | B43: SINAPI | C43: 96112 | D43: FORRO EM MADEIRA PINUS, PARA AMBIENTES RESIDENCIAIS, INCLUSIVE ESTRUTURA UNIDIRECIONAL DE FIXAÇÃO. AF_08/2023 | E43: M2 | F43: 1.05 | G43: 168.76 | H43: =G43*F43 -> 177.198
A44: INSUMO | B44: SINAPI-I | C44: 10481 | D44: VERNIZ MARITIMO PREMIUM PARA MADEIRA, COM FILTRO SOLAR, BRILHANTE, USO INTERNO E EXTERNO | E44: L | F44: 0.125 | G44: 36.55 | H44: =G44*F44 -> 4.56875
A45: COMPOSIÇÃO | B45: SINAPI | C45: 88243 | D45: AJUDANTE ESPECIALIZADO COM ENCARGOS COMPLEMENTARES | E45: H | F45: 0.30759 | G45: 32.46 | H45: =G45*F45 -> 9.9843714
A46: COMPOSIÇÃO | B46: SINAPI | C46: 88273 | D46: MARCENEIRO COM ENCARGOS COMPLEMENTARES | E46: H | F46: 0.43062 | G46: 35.24 | H46: =G46*F46 -> 15.175049
F47: VALOR TOTAL | H47: =ROUND(SUM(H43:H46),2) -> 206.93
A48: =ORÇAMENTO!A66 -> 5.5 | B48: 4922/1 | C48: PORTA EM ESQUADRIA DE ALUMINIO E VIDRO TEMPERADO DE 10MM DE CORRER, 2 FOLHAS, FIXAÇÃO COM PARAFUSO, ITENS INCLUSOS: RODIZIOS, MONTAGEM E INSTALAÇÃO DE GUARNIÇÃO E FECHADURA - FORCECIMENTO E INSTALAÇÃO. | E48: UNIDADE | F48: M2
A49: TIPO | B49: CODIGO | D49: DESCRIÇÃO | E49: UNID | F49: ÍNDICE | G49: UNIT. (R$) | H49: TOTAL
A51: INSUMO / COMPOSIÇÃO | B51: FONTE | C51: CÓDIGO | D51: DESCRIÇÃO | E51: UN | F51: COEF. | G51: CUSTO UNITÁRIO | H51: SUBTOTAL
A52: INSUMO | B52: SINAPI-I | C52: 11575 | D52: ROLDANA DUPLA, EM ZAMAC COM CHAPA DE LATAO, ROLAMENTOS EM ACO, PARA PORTA E JANELA DE CORRER | E52: UN | F52: 2 | G52: 56.02 | H52: =G52*F52 -> 112.04
A53: INSUMO | B53: SINAPI-I | C53: 11552 | D53: PERFIL U / CANALETA DE ALUMINIO, DE ABAS IGUAIS, 1/2" (1,27 X 1,27 CM), PARA PORTA OU JANELA DE CORRER | E53: M | F53: 1.1 | G53: 7.16 | H53: =G53*F53 -> 7.876
A54: INSUMO | B54: SINAPI-I | C54: 589 | D54: CANTONEIRA ALUMINIO ABAS IGUAIS 2 ", E = 1/4 " | E54: M | F54: 1.1 | G54: 58.16 | H54: =G54*F54 -> 63.976
A55: INSUMO | B55: SINAPI-I | C55: 36888 | D55: GUARNICAO / MOLDURA / ARREMATE DE ACABAMENTO PARA ESQUADRIA, EM ALUMINIO PERFIL 25, ACABAMENTO ANODIZADO BRANCO OU BRILHANTE, PARA 1 FACE | E55: M | F55: 1.1 | G55: 29.87 | H55: =G55*F55 -> 32.857
A56: INSUMO | B56: SINAPI-I | C56: 4922 | D56: PORTA DE CORRER EM ALUMINIO, DUAS FOLHAS MOVEIS COM VIDRO, FECHADURA E PUXADOR EMBUTIDO, ACABAMENTO ANODIZADO NATURAL, SEM GUARNICAO/ALIZAR/VISTA | E56: M2 | F56: 1.1 | G56: 420.97 | H56: =G56*F56 -> 463.067
A57: INSUMO | B57: SINAPI-I | C57: 3104 | D57: CONJ. DE FERRAGENS PARA PORTA DE VIDRO TEMPERADO, EM ZAMAC CROMADO, CONTEMPLANDO DOBRADICA INF., DOBRADICA SUP., PIVO PARA DOBRADICA INF., PIVO PARA DOBRADICA SUP., FECHADURA CENTRAL EM ZAMC. CROMADO, CONTRA FECHADURA DE PRESSAO | E57: CJ | F57: 1 | G57: 185.54 | H57: =G57*F57 -> 185.54
A58: INSUMO | B58: SINAPI-I | C58: 11580 | D58: TRILHO QUADRADO, EM ALUMINIO (VERGALHAO MACICO), 1/4", (*6 X 6* CM), PARA RODIZIOS | E58: M | F58: 1.1 | G58: 8.24 | H58: =G58*F58 -> 9.064
A59: INSUMO | B59: SINAPI-I | C59: 39961 | D59: SILICONE ACETICO USO GERAL INCOLOR 280 G | E59: UN | F59: 0.25 | G59: 21.29 | H59: =G59*F59 -> 5.3225
A60: INSUMO | B60: SINAPI-I | C60: 10507 | D60: VIDRO TEMPERADO INCOLOR E = 10 MM, SEM COLOCACAO | E60: M2 | F60: 1.1 | G60: 439.16 | H60: =G60*F60 -> 483.076
A61: COMPOSIÇÃO | B61: SINAPI | C61: 88243 | D61: AJUDANTE ESPECIALIZADO COM ENCARGOS COMPLEMENTARES | E61: H | F61: 2.6 | G61: 32.46 | H61: =G61*F61 -> 84.396
A62: COMPOSIÇÃO | B62: SINAPI | C62: 88325 | D62: VIDRACEIRO COM ENCARGOS COMPLEMENTARES | E62: H | F62: =F61*0.875 -> 2.275 | G62: 30.99 | H62: =G62*F62 -> 70.50225
F63: VALOR TOTAL | H63: =ROUND(SUM(H52:H62),2) -> 1517.72
A64: =ORÇAMENTO!A68 -> 5.7 | B64: 90838/1 | C64: PORTA DE ENROLAR MANUAL COMPLETA, PERFIL MEIA CANA CEGA, EM ACO GALVANIZADO COM PINTURA ELETROSTATICA, CHAPA NUMERO 24" FORNECIMENTO E INSTALAÇÃO | E64: UNIDADE | F64: M2
A65: TIPO | B65: CODIGO | D65: DESCRIÇÃO | E65: UNID | F65: ÍNDICE | G65: UNIT. (R$) | H65: TOTAL
A67: INSUMO / COMPOSIÇÃO | B67: FONTE | C67: CÓDIGO | D67: DESCRIÇÃO | E67: UN. | F67: COEF. | G67: CUSTO UNITÁRIO | H67: SUBTOTAL
A68: INSUMO | B68: SINAPI-I | C68: 37518 | D68: PORTA DE ENROLAR MANUAL COMPLETA, PERFIL MEIA CANA CEGA, EM ACO GALVANIZADO COM PINTURA ELETROSTATICA, CHAPA NUMERO 24" (SEM INSTALACAO) | E68: M2 | F68: 1 | G68: 473.2 | H68: =G68*F68 -> 473.2
A69: COMPOSIÇÃO | B69: SINAPI | C69: 88316 | D69: SERVENTE COM ENCARGOS COMPLEMENTARES | E69: H | F69: 1.732 | G69: 31.15 | H69: =G69*F69 -> 53.9518
A70: COMPOSIÇÃO | B70: SINAPI | C70: 88309 | D70: PEDREIRO COM ENCARGOS COMPLEMENTARES | E70: H | F70: 3.464 | G70: 35.87 | H70: =G70*F70 -> 124.25368
F71: VALOR TOTAL | H71: =ROUND(SUM(H68:H70),2) -> 651.41
A72: =ORÇAMENTO!A74 -> 6.2 | B72: 104314/1 | C72: ESTRUTURA TRELIÇADA DE VIGAS COM LIGAÇÕES SOLDADAS, INCLUSOS PERFIS METÁLICOS, CHAPAS METÁLICAS, MÃO DE OBRA E TRANSPORTE COM GUINDASTE - FORNECIMENTO E INSTALAÇÃO. (VIGAS) | E72: UNIDADE | F72: KG
A73: TIPO | B73: CODIGO | D73: DESCRIÇÃO | E73: UNID | F73: ÍNDICE | G73: UNIT. (R$) | H73: TOTAL
A75: INSUMO / COMPOSIÇÃO | B75: FONTE | C75: CÓDIGO | D75: DESCRIÇÃO | E75: UN. | F75: COEF. | G75: CUSTO UNITÁRIO | H75: SUBTOTAL
A76: INSUMO | B76: SINAPI-I | C76: 1332 | D76: CHAPA DE ACO GROSSA, ASTM A36, E = 3/8 " (9,53 MM) 74,69 KG/M2 | E76: KG | F76: 0.0018177 | G76: 8.06 | H76: =G76*F76 -> 0.014650662
A77: INSUMO | B77: SINAPI-I | C77: 1333 | D77: CHAPA DE ACO GROSSA, ASTM A36, E = 1/2 " (12,70 MM) 99,59 KG/M2 | E77: KG | F77: 0.0064239 | G77: 7.93 | H77: =G77*F77 -> 0.050941527
A78: INSUMO | B78: SINAPI-I | C78: 43082 | D78: PERFIL "I" OU "W" EM ACO LAMINADO, QUAISQUER DIMENSOES | E78: KG | F78: 1.03 | G78: 10 | H78: =G78*F78 -> 10.3
A79: INSUMO | B79: SINAPI-I | C79: 10997 | D79: ELETRODO REVESTIDO AWS - E7018, DIAMETRO IGUAL A 4,00 MM | E79: KG | F79: 0.0018 | G79: 51.84 | H79: =G79*F79 -> 0.093312
A80: COMPOSIÇÃO | B80: SINAPI | C80: 88240 | D80: AJUDANTE DE ESTRUTURA METÁLICA COM ENCARGOS COMPLEMENTARES | E80: H | F80: 0,0008000 | G80: 32.23 | H80: =G80*F80 -> 0.025784
A81: COMPOSIÇÃO | B81: SINAPI | C81: 88278 | D81: MONTADOR DE ESTRUTURA METÁLICA COM ENCARGOS COMPLEMENTARES | E81: H | F81: 0,0237000 | G81: 34.81 | H81: =G81*F81 -> 0.824997
A82: COMPOSIÇÃO | B82: SINAPI | C82: 88317 | D82: SOLDADOR COM ENCARGOS COMPLEMENTARES | E82: H | F82: 0,0050000 | G82: 40.05 | H82: =G82*F82 -> 0.20025
A83: COMPOSIÇÃO | B83: SINAPI | C83: 93287 | D83: GUINDASTE HIDRÁULICO AUTOPROPELIDO, COM LANÇA TELESCÓPICA 40 M, CAPACIDADE MÁXIMA 60 T, POTÊNCIA 260 KW - CHP DIURNO. AF_03/2016 | E83: CHP | F83: 0.001 | G83: 358.7 | H83: =G83*F83 -> 0.3587
A84: COMPOSIÇÃO | B84: SINAPI | C84: 93288 | D84: GUINDASTE HIDRÁULICO AUTOPROPELIDO, COM LANÇA TELESCÓPICA 40 M, CAPACIDADE MÁXIMA 60 T, POTÊNCIA 260 KW - CHI DIURNO. AF_03/2016 | E84: CHI | F84: 0.005 | G84: 185.97 | H84: =G84*F84 -> 0.92985
A85: COMPOSIÇÃO | B85: SINAPI | C85: 88315 | D85: SERRALHEIRO COM ENCARGOS COMPLEMENTARES | E85: H | F85: 0.16 | G85: 36.31 | H85: =G85*F85 -> 5.8096
A86: COMPOSIÇÃO | B86: SINAPI | C86: 100716 | D86: JATEAMENTO ABRASIVO COM GRANALHA DE AÇO EM PERFIL METÁLICO EM FÁBRICA. AF_01/2020 | E86: M2 | F86: 0,0789000 | G86: 25.41 | H86: =G86*F86 -> 2.004849
F87: VALOR TOTAL | H87: =ROUND(SUM(H76:H86),2) -> 20.61
A88: =ORÇAMENTO!A75 -> 6.3 | B88: 104314/2 | C88: ESTRUTURA TRELIÇADA DE PILARES COM LIGAÇÕES SOLDADAS, INCLUSOS PERFIS METÁLICOS, CHAPAS METÁLICAS, MÃO DE OBRA E TRANSPORTE COM GUINDASTE - FORNECIMENTO E INSTALAÇÃO. (PILARES) | E88: UNIDADE | F88: KG
A89: TIPO | B89: CODIGO | D89: DESCRIÇÃO | E89: UNID | F89: ÍNDICE | G89: UNIT. (R$) | H89: TOTAL
A91: INSUMO / COMPOSIÇÃO | B91: FONTE | C91: CÓDIGO | D91: DESCRIÇÃO | E91: UN. | F91: COEF. | G91: CUSTO UNITÁRIO | H91: SUBTOTAL
A92: INSUMO | B92: SINAPI-I | C92: 1332 | D92: CHAPA DE ACO GROSSA, ASTM A36, E = 3/8 " (9,53 MM) 74,69 KG/M2 | E92: KG | F92: 0.0018177 | G92: 8.06 | H92: =G92*F92 -> 0.014650662
A93: INSUMO | B93: SINAPI-I | C93: 1333 | D93: CHAPA DE ACO GROSSA, ASTM A36, E = 1/2 " (12,70 MM) 99,59 KG/M2 | E93: KG | F93: 0.0064239 | G93: 7.93 | H93: =G93*F93 -> 0.050941527
A94: INSUMO | B94: SINAPI-I | C94: 43082 | D94: PERFIL "I" OU "W" EM ACO LAMINADO, QUAISQUER DIMENSOES | E94: KG | F94: 1.03 | G94: 10 | H94: =G94*F94 -> 10.3
A95: INSUMO | B95: SINAPI-I | C95: 10997 | D95: ELETRODO REVESTIDO AWS - E7018, DIAMETRO IGUAL A 4,00 MM | E95: KG | F95: 0.0018 | G95: 51.84 | H95: =G95*F95 -> 0.093312
A96: COMPOSIÇÃO | B96: SINAPI | C96: 88240 | D96: AJUDANTE DE ESTRUTURA METÁLICA COM ENCARGOS COMPLEMENTARES | E96: H | F96: 0,0008000 | G96: 32.23 | H96: =G96*F96 -> 0.025784
A97: COMPOSIÇÃO | B97: SINAPI | C97: 88278 | D97: MONTADOR DE ESTRUTURA METÁLICA COM ENCARGOS COMPLEMENTARES | E97: H | F97: 0,0237000 | G97: 34.81 | H97: =G97*F97 -> 0.824997
A98: COMPOSIÇÃO | B98: SINAPI | C98: 88317 | D98: SOLDADOR COM ENCARGOS COMPLEMENTARES | E98: H | F98: 0,0050000 | G98: 40.05 | H98: =G98*F98 -> 0.20025
A99: COMPOSIÇÃO | B99: SINAPI | C99: 93287 | D99: GUINDASTE HIDRÁULICO AUTOPROPELIDO, COM LANÇA TELESCÓPICA 40 M, CAPACIDADE MÁXIMA 60 T, POTÊNCIA 260 KW - CHP DIURNO. AF_03/2016 | E99: CHP | F99: 0.0007 | G99: 358.7 | H99: =G99*F99 -> 0.25109
A100: COMPOSIÇÃO | B100: SINAPI | C100: 93288 | D100: GUINDASTE HIDRÁULICO AUTOPROPELIDO, COM LANÇA TELESCÓPICA 40 M, CAPACIDADE MÁXIMA 60 T, POTÊNCIA 260 KW - CHI DIURNO. AF_03/2016 | E100: CHI | F100: 0,0005000 | G100: 185.97 | H100: =G100*F100 -> 0.092985
A101: COMPOSIÇÃO | B101: SINAPI | C101: 88315 | D101: SERRALHEIRO COM ENCARGOS COMPLEMENTARES | E101: H | F101: 0.16 | G101: 36.31 | H101: =G101*F101 -> 5.8096
A102: COMPOSIÇÃO | B102: SINAPI | C102: 100716 | D102: JATEAMENTO ABRASIVO COM GRANALHA DE AÇO EM PERFIL METÁLICO EM FÁBRICA. AF_01/2020 | E102: M2 | F102: 0,0789000 | G102: 25.41 | H102: =G102*F102 -> 2.004849
F103: VALOR TOTAL | H103: =ROUND(SUM(H92:H102),2) -> 19.67
A104: =ORÇAMENTO!A76 -> 6.4 | B104: 1330/1 | C104: CHAPA DE AÇO GROSSA, ASTM A36, E = 3/8" (9,53 MM) 74,69 KG/M2 - FORNECIMENTO E INSTALAÇÃO | E104: UNIDADE | F104: KG
A105: TIPO | B105: CODIGO | D105: DESCRIÇÃO | E105: UNID | F105: ÍNDICE | G105: UNIT. (R$) | H105: TOTAL
A107: INSUMO / COMPOSIÇÃO | B107: FONTE | C107: CÓDIGO | D107: DESCRIÇÃO | E107: UN | F107: COEF. | G107: CUSTO UNITÁRIO | H107: SUBTOTAL
A108: INSUMO | B108: SINAPI-I | C108: 1332 | D108: CHAPA DE ACO GROSSA, ASTM A36, E = 3/8" (9,53 MM) 74,69 KG/M2 | E108: KG | F108: 1 | G108: 8.06 | H108: =G108*F108 -> 8.06
A109: COMPOSIÇÃO | B109: SINAPI | C109: 88316 | D109: SERVENTE COM ENCARGOS COMPLEMENTARES | E109: H | F109: 0.0526227 | G109: 31.15 | H109: =G109*F109 -> 1.6391971
A110: COMPOSIÇÃO | B110: SINAPI | C110: 88309 | D110: PEDREIRO COM ENCARGOS COMPLEMENTARES | E110: H | F110: 0.0578682 | G110: 35.87 | H110: =G110*F110 -> 2.0757323
F111: VALOR TOTAL | H111: =ROUND(SUM(H108:H110),2) -> 11.77
...

Sheet MEMORIA DE CÁLCULO
A2: MEMÓRIA DE CÁLCULO
A3: =ORÇAMENTO!A3 -> OBRA: PROJETO VILLA DO BOI | L3: =ORÇAMENTO!H3 -> DATA: | M3: =ORÇAMENTO!I3 -> 46134
A4: =ORÇAMENTO!A4 -> LOCAL: RUA GUARDA MOR LUSTOSA, S/Nº - CENTRO, OURO FINO - MG | L4: FORMA DE EXECUÇÃO:
A5: =ORÇAMENTO!A5 -> REGIÃO/MÊS DE REF.: SICOR SUL - OUT/2025 SEM DESONERAÇÃO / SINAPI JAN/2026 NÃO DESONERADO | L5: INDIRETA
A6: =ORÇAMENTO!A6 -> PRAZO DE EXECUÇÃO: 6 MESES | L6: BDI | M6: =ORÇAMENTO!I6 -> 0.2341
A7: =ORÇAMENTO!A7 -> VALOR ESTIMADO DA OBRA: | D7: =ORÇAMENTO!D7 -> 1004805.6
A9: Item | C9: =ORÇAMENTO!B10 -> SERVIÇOS PRELIMINARES
A11: =ORÇAMENTO!A11 -> 1.1 | C11: =ORÇAMENTO!D11 -> FORNECIMENTO E INSTALAÇÃO DE PLACA DE OBRA COM CHAPA GALVANIZADA E ESTRUTURA DE MADEIRA. AF_03/2022_PS | M11: =ORÇAMENTO!E11 -> M2
B13: Quantidade | D13: = | E13: 1.5 | F13: x | G13: 3 | L13: = | M13: =E13*G13 -> 4.5
B14: praça | E14: comprimento | G14: altura
B16: TOTAL | L16: = | M16: =M13 -> 4.5
A18: =ORÇAMENTO!A12 -> 1.2 | C18: =ORÇAMENTO!D12 -> TAPUME COM TELHA METÁLICA. AF_03/2024 | M18: =ORÇAMENTO!E12 -> M2
B20: Perimetro | D20: = | E20: =98.0128+17.9111 -> 115.9239 | F20: x | G20: 1.8 | I20: PROJ. ARQUITETONICO | L20: = | M20: =E20*G20 -> 208.66302
B21: praça | E21: comprimento | G21: altura
B23: TOTAL | I23: medidas retiradas do autocad | L23: = | M23: =SUM(M20:M22) -> 208.66302
A25: =ORÇAMENTO!A13 -> 1.3 | C25: =ORÇAMENTO!D13 -> PORTÃO PARA TAPUME FIXO DE PROTEÇÃO COM FECHAMENTO DE OBRA EM CHAPA DE COMPENSADO, ESP. 12MM, COM MÓDULO NA DIMENSÃO DE (110X220)CM, INCLUSIVE FERRAGENS E PINTURA LÁTEX (PVA) COM DUAS (2) DEMÃOS | M25: =ORÇAMENTO!E13 -> M2
B27: Quantidade | D27: = | E27: 2.5 | F27: x | G27: 1.8 | L27: = | M27: =E27*G27 -> 4.5
B28: Escola | E28: perimetro | G28: altura
B30: TOTAL | L30: = | M30: =M27 -> 4.5
A32: =ORÇAMENTO!A14 -> 1.4 | C32: =ORÇAMENTO!D14 -> ENTRADA DE ENERGIA ELÉTRICA, AÉREA, TRIFÁSICA, COM CAIXA DE EMBUTIR, CABO DE 35 MM2 E DISJUNTOR DIN 50A (NÃO INCLUSO O POSTE DE CONCRETO). AF_12/2025 | M32: =ORÇAMENTO!E14 -> UN
B34: Quantidade | D34: = | E34: 1 | L34: = | M34: =E34 -> 1
B35: praça | E35: Quantidade
B37: TOTAL | L37: = | M37: =M34 -> 1
A39: =ORÇAMENTO!A15 -> 1.5 | C39: =ORÇAMENTO!D15 -> LOCAÇÃO DE CONTAINER COM ISOLAMENTO TÉRMICO, TIPO 3, PARA DEPÓSITO/FERRAMENTARIA DE OBRA, COM MEDIDAS REFERENCIAIS DE (6) METROS COMPRIMENTO, (2,3) METROS LARGURA E (2,5) METROS ALTURA ÚTIL INTERNA, INCLUSIVE LIGAÇÕES ELÉTRICAS INTERNAS, EXCLUSIVE MOBILIZAÇÃO/DESMOBILIZAÇÃO E LIGAÇÕES PROVISÓRIAS EXTERNAS | M39: =ORÇAMENTO!E15 -> MÊS
B41: Quantidade | D41: = | E41: 6 | L41: = | M41: =E41 -> 6
B42: praça | E42: mês
B44: TOTAL | L44: = | M44: =M41 -> 6
A46: =ORÇAMENTO!A16 -> 1.6 | C46: =ORÇAMENTO!D16 -> LIGAÇÕES PROVISÓRIAS PARA CONTAINER TIPO 3 (CORRESPONDENTE AO CÓDIGO ED-16350) | M46: =ORÇAMENTO!E16 -> UN
B48: Quantidade | D48: = | E48: 1 | L48: = | M48: =E48 -> 1
B49: Escola | E49: Quantidade
B51: TOTAL | L51: = | M51: =M48 -> 1
A53: =ORÇAMENTO!A17 -> 1.7 | C53: =ORÇAMENTO!D17 -> LOCAÇÃO DE OBRA COM GABARITO DE TÁBUAS CORRIDAS PONTALETADAS A CADA 2,00M, REAPROVEITAMENTO (2X), INCLUSIVE ACOMPANHAMENTO DE EQUIPE TOPOGRÁFICA PARA MARCAÇÃO DE PONTO TOPOGRÁFICO | M53: =ORÇAMENTO!E17 -> M
B55: Quantidade | D55: = | E55: =48.6792+31.4329+41.78+69.2451 -> 191.1372 | I55: PROJ. ARQUITETONICO | L55: = | M55: =E55 -> 191.1372
B56: praça | E56: perimetro
B58: TOTAL | E58: 0,50m Ddo eixo | I58: medidas retiradas do autocad | L58: = | M58: =M55 -> 191.1372
A60: =ORÇAMENTO!A18 -> 1.8 | C60: =ORÇAMENTO!D18 -> ENGENHEIRO CIVIL DE OBRA JUNIOR COM ENCARGOS COMPLEMENTARES | M60: =ORÇAMENTO!E18 -> H
B62: Quantidade | D62: = | E62: 2 | F62: x | G62: 2 | I62: 4 | K62: =M44 -> 6 | L62: = | M62: =E62*G62*I62*K62 -> 96
B63: praça | E63: hora | G63: dia | I63: semanas | K63: meses
B65: TOTAL | L65: = | M65: =M62 -> 96
A67: =ORÇAMENTO!A19 -> 1.9 | C67: =ORÇAMENTO!D19 -> MESTRE DE OBRAS COM ENCARGOS COMPLEMENTARES | M67: =ORÇAMENTO!E19 -> H
B69: Quantidade | D69: = | E69: 2 | F69: x | G69: 2 | I69: 4 | K69: =M44 -> 6 | L69: = | M69: =E69*G69*I69*K69 -> 96
B70: praça | E70: hora | G70: dia | I70: semanas | K70: meses
B72: TOTAL | L72: = | M72: =M69 -> 96
A74: =ORÇAMENTO!A21 -> 2. | C74: =ORÇAMENTO!B21 -> MOVIMENTAÇÃO DE TERRA
A76: =ORÇAMENTO!A22 -> 2.1 | C76: =ORÇAMENTO!D22 -> ESCAVAÇÃO MANUAL DE VALA. AF_09/2024 | M76: =ORÇAMENTO!E22 -> M3
B79: estaca | D79: = | E79: =(3.14*0.25^2)/4 -> 0.0490625 | F79: x | G79: 1 | H79: x | I79: 33 | L79: = | M79: =E79*G79*I79 -> 1.6190625
B80: Jardim 1 | E80: área | G80: profundidade | I80: Quantidade
B82: estaca | D82: = | E82: =(3.14*0.25^2)/4 -> 0.0490625 | F82: x | G82: 1 | H82: x | I82: 15 | L82: = | M82: =E82*G82*I82 -> 0.7359375
B83: Jardim 2 | E83: área | G83: profundidade | I83: Quantidade
B85: estaca | D85: = | E85: =(3.14*0.25^2)/4 -> 0.0490625 | F85: x | G85: 1 | H85: x | I85: 16 | L85: = | M85: =E85*G85*I85 -> 0.785
B86: Jardim 3 | E86: área | G86: profundidade | I86: Quantidade
B88: estaca | D88: = | E88: =(3.14*0.25^2)/4 -> 0.0490625 | F88: x | G88: 1 | H88: x | I88: 39 | L88: = | M88: =E88*G88*I88 -> 1.9134375
B89: Jardim 4 | E89: área | G89: profundidade | I89: Quantidade
B91: Bloco 2e h=60 | D91: = | E91: =(1.6*0.85*0.55) -> 0.748 | F91: x | G91: 10 | L91: = | M91: =E91*G91 -> 7.48
B92: praça | E92: Vol. | G92: Quant
B94: Baldrame | D94: = | E94: 13.4038 | F94: x | G94: 0.3 | L94: = | M94: =E94*G94 -> 4.02114
B95: Jardim 1 | E95: área | G95: h
B97: Baldrame | D97: = | E97: 8.2299 | F97: x | G97: 0.3 | L97: = | M97: =E97*G97 -> 2.46897
B98: Jardim 2 | E98: área | G98: h
B100: Baldrame | D100: = | E100: 11.334 | F100: x | G100: 0.3 | L100: = | M100: =E100*G100 -> 3.4002
B101: Jardim 3 | E101: área | G101: h
B103: Baldrame | D103: = | E103: 19.5735 | F103: x | G103: 0.3 | L103: = | M103: =E103*G103 -> 5.87205
B104: Jardim 4 | E104: área | G104: h | I104: PROJ. EST. MET. (PR 01/02-03)
I105: PROJ. ESTRUTURAL (PR 01/02/03/04-04)
B106: TOTAL | I106: 0,15 de cada borda dos blocos | L106: = | M106: =SUM(M79:M103) -> 28.295797
A108: =ORÇAMENTO!A23 -> 2.2 | C108: =ORÇAMENTO!D23 -> REATERRO MANUAL DE VALAS, COM PLACA VIBRATÓRIA. AF_08/2023 | M108: =ORÇAMENTO!E23 -> M3
B110: Bloco | D110: = | E110: =M106 -> 28.295797 | F110: - | G110: =M205+M214+M267 -> 19.98375 | L110: = | M110: =E110-G110 -> 8.3120475
B111: praça | E111: Volume escavado | G111: Vol. Concreto
B113: TOTAL | L113: = | M113: =SUM(M110) -> 8.3120475
A115: =ORÇAMENTO!A24 -> 2.3 | C115: =ORÇAMENTO!D24 -> TRANSPORTE DE MATERIAL DE QUALQUER NATUREZA EM CAMINHÃO, DISTÂNCIA MAIOR QUE 2KM E MENOR OU IGUAL A 5KM, DENTRO DO PERÍMETRO URBANO, EXCLUSIVE CARGA, INCLUSIVE DESCARGA | M115: =ORÇAMENTO!E24 -> M3xKM
B117: Volume concreto | D117: = | E117: =G110 -> 19.98375 | F117: x | G117: 5 | I117: PROJ. EST. MET. (PR 01/02-03) | L117: = | M117: =E117*G117 -> 99.91875
B118: praça | E118: Vol. bota fora | G118: distancia | I118: PROJ. ESTRUTURAL (PR 01/02/03/04-04)
B120: Piso Terreo | D120: = | E120: =((551.027+439.567)*0.3) -> 297.1782 | F120: - | G120: =((39.8582+(13.8*6)+21.5085)*0.3) -> 43.25001 | H120: x | I120: 5 | J120: PROJ. ARQUITETONICO | L120: = | M120: =(E120-G120)*I120 -> 1269.6409
B121: praça | E121: volume praça | G121: volume container/wc/banca | I121: distancia
B123: Alvenaria | D123: = | E123: =M1294 -> 0.9357 | F123: x | G123: 5 | I123: PROJ. ARQUITETONICO | L123: = | M123: =E123*G123 -> 4.6785
B124: lanchonete | E124: volume alvenaria | G124: distancia
B126: Azulejo | D126: = | E126: =M1304 -> 150.5538 | F126: x | G126: 0.04 | H126: x | I126: 5 | J126: PROJ. ARQUITETONICO | L126: = | M126: =E126*G126*I126 -> 30.11076
B127: wc masc/fem | E127: área | G127: espessura | I127: distancia
B129: Perfuração Estacas | D129: = | E129: =M182 -> 2.94375 | F129: x | G129: 5 | I129: PROJ. EST. MET. (PR 01/02-03) | L129: = | M129: =E129*G129 -> 14.71875
B130: terreo | E130: volume terra | G130: distancia
B132: Estacas broca | D132: = | E132: =(3.14*0.25^2/4)*M198 -> 5.0534375 | F132: x | G132: 5 | I132: PROJ. ESTRUTURAL (PR 01/02/03/04-04) | L132: = | M132: =E132*G132 -> 25.267188
B133: terreo | E133: volume terra | G133: distancia
B135: TOTAL | I135: medidas retiradas do autocad | L135: = | M135: =SUM(M117:M132) -> 1444.3349
A137: =ORÇAMENTO!A25 -> 2.4 | C137: =ORÇAMENTO!D25 -> CARGA MECÂNICA DE MATERIAL DE QUALQUER NATUREZA SOBRE CAMINHÃO, EXCLUSIVE TRANSPORTE | M137: =ORÇAMENTO!E25 -> M3
B139: Volume concreto | D139: = | E139: =G110 -> 19.98375 | I139: PROJ. EST. MET. (PR 01/02-03) | L139: = | M139: =E139 -> 19.98375
B140: praça | E140: Vol. bota fora | I140: PROJ. ESTRUTURAL (PR 01/02/03/04-04)
B142: Piso Terreo | D142: = | E142: =((551.027+439.567)*0.3) -> 297.1782 | F142: - | G142: =G120 -> 43.25001 | I142: PROJ. ARQUITETONICO | L142: = | M142: =E142-G142 -> 253.92819
B143: praça | E143: volume praça | G143: volume container/wc/banca
B145: Alvenaria | D145: = | E145: =M1294 -> 0.9357 | I145: PROJ. ARQUITETONICO | L145: = | M145: =E145 -> 0.9357
B146: lanchonete | E146: volume alvenaria
B148: Azulejo | D148: = | E148: =M1304*0.04 -> 6.022152 | I148: PROJ. ARQUITETONICO | L148: = | M148: =E148 -> 6.022152
B149: wc masc/fem | E149: volume azulejo
B151: Perfuração Estacas | D151: = | E151: =M182 -> 2.94375 | I151: PROJ. EST. MET. (PR 01/02-03) | L151: = | M151: =E151 -> 2.94375
B152: terreo | E152: volume terra
B154: Estacas broca | D154: = | E154: =(3.14*0.25^2/4)*M198 -> 5.0534375 | I154: PROJ. ESTRUTURAL (PR 01/02/03/04-04) | L154: = | M154: =E154 -> 5.0534375
B155: terreo | E155: volume terra
B157: TOTAL | I157: PROJ. ARQUITETONICO | L157: = | M157: =SUM(M139:M154) -> 288.86698
I158: medidas retiradas do autocad
A159: =ORÇAMENTO!A27 -> 3. | C159: =ORÇAMENTO!B27 -> INFRAESTRUTURA
A161: =ORÇAMENTO!A28 -> 3.1 | C161: =ORÇAMENTO!C28 -> ESTACA TRADO ROTATIVO
...

Sheet BDI
A2: CALCULO DO BDI
A3: =ORÇAMENTO!A3 -> OBRA: PROJETO VILLA DO BOI | I3: =ORÇAMENTO!H3 -> DATA: | J3: =ORÇAMENTO!I3 -> 46134
A4: =ORÇAMENTO!A4 -> LOCAL: RUA GUARDA MOR LUSTOSA, S/Nº - CENTRO, OURO FINO - MG
A5: =ORÇAMENTO!A5 -> REGIÃO/MÊS DE REF.: SICOR SUL - OUT/2025 SEM DESONERAÇÃO / SINAPI JAN/2026 NÃO DESONERADO
A6: =ORÇAMENTO!A6 -> PRAZO DE EXECUÇÃO: 6 MESES
A7: =ORÇAMENTO!A7 -> VALOR ESTIMADO DA OBRA: | D7: =ORÇAMENTO!D7 -> 1004805.6
A10: Conforme legislação tributária municipal, definir estimativa de percentual da base de cálculo para o ISS: | I10: 1
A11: Sobre a base de cálculo, definir a respectiva alíquota do ISS (entre 2% e 5%): | I11: 0.05
A14: BDI
A16: TIPO DE OBRA
A18: Construção e Reforma de Edifícios
A21: Itens | I21: Siglas | J21: % Adotado
A23: Administração Central | I23: AC | J23: 0.03
A24: Seguro e Garantia | I24: SG | J24: 0.008
A25: Risco | I25: R | J25: 0.0097
A26: Despesas Financeiras | I26: DF | J26: 0.0059
A27: Lucro | I27: L | J27: 0.0616
A28: Tributos (impostos COFINS 3%, e PIS 0,65%) | I28: CP | J28: 0.0365
A29: Tributos (ISS, variável de acordo com o município) | I29: ISS | J29: 0.05
A30: Tributos (Contribuição Previdenciária sobre a Receita Bruta - 0% ou 4,5% - Desoneração) | I30: CPRB
A31: BDI SEM desoneração (Fórmula Acórdão TCU) | I31: BDI PAD | J31: 0.2341
A35: Os valores de BDI foram calculados com o emprego da fórmula:
D36: BDI = | E36: (1+AC + S + R + G)*(1 + DF)*(1+L) | H36: - 1
E37: (1-CP-ISS-CRPB)
A42: Declaro para os devidos fins que, conforme legislação tributária municipal, a base de cálculo deste tipo de obra corresponde à 100%, com a respectiva alíquota de 5%.
A46: Declaro para os devidos fins que o regime de Contribuição Previdenciária sobre a Receita Bruta adotado para elaboração do orçamento foi SEM Desoneração, e que esta é a alternativa mais adequada para a Administração Pública.
A55: _______________________________________
A56: Responsável Técnico: Daniel Teixeira
A57: Engenheiro Civil - CREA MG 88325/D
